Workbook

Sheet PLANILHA COLINA
A1: PLANILHA ORÇAMENTÁRIA DE CUSTOS
B2: SERVIÇO AUTÔNOMO DE ÁGUA E ESGOTO (SAAE) | I2: BDI: | J2: DATA:
B3: OBRA: REFORMA ETA E CONSTRUÇÃO DE MURO | C3: LOCAL: MANHUAÇU/MG | I3: 0.2288 | J3: 46105
B4: PREÇOS REFERENCIAIS: SINAPI - SEINFRA - COMPOSIÇÃO PRÓPRIA | C4: PRAZO DE EXECUÇÃO: 5 MESES | H4: EXECUÇÃO: ( ) DIRETA ( X ) INDIRETA
B5: RESPONSÁVEL TÉCNICO: JOÃO PEDRO SATHLER SILVA | G5: ART OU RRT Nº
A6: ITEM | B6: DESCRIÇÃO DOS SERVIÇOS | C6: CÓDIGOS | D6: REFERÊNCIA | E6: MÊS | F6: UNID. | G6: QUANT. | H6: PÇO UNIT | I6: PÇO UNIT | J6: PÇO TOTAL
E7: REFER | H7: (s/ BDI) | I7: (c/ BDI) | J7: (c/ BDI)
A8: 1.0 | B8: ADMINISTRAÇÃO LOCAL E SERVIÇOS PRELIMINARES
A9: 1.1 | B9: FORNECIMENTO E INSTALAÇÃO DE PLACA DE OBRA COM CHAPA GALVANIZADA E ESTRUTU RA DE MADEIRA. | C9: 103689 | D9: SINAPI | E9: 46023 | F9: M² | G9: 4.5 | H9: 430.02 | I9: =IF(ISNUMBER(H9),ROUND(H9*$I$3+H9,2),) -> 528.41 | J9: =ROUND(I9*G9,2) -> 2377.85
A10: 1.2 | B10: ENGENHEIRO CIVIL DE OBRA JUNIOR COM ENCARGOS COMPLEMENTARES | C10: 90777 | D10: SINAPI | E10: 46023 | F10: H | G10: 60 | H10: 142.42 | I10: =IF(ISNUMBER(H10),ROUND(H10*$I$3+H10,2),) -> 175.01 | J10: =I10*G10 -> 10500.6
A11: 1.3 | B11: MOBILIZAÇÃO E DESMOBILIZAÇÃO | C11: 1 | D11: COMPOSIÇÃO | E11: 45931 | F11: UNID. | G11: 1 | H11: =Planilha1!N9 -> 5954.71 | I11: =IF(ISNUMBER(H11),ROUND(H11*$I$3+H11,2),) -> 7317.15 | J11: =I11*G11 -> 7317.15
B12: TOTAL | J12: =SUM(J9:J11) -> 20195.6
A13: 2.0 | B13: MOVIMENTAÇÃO DE TERRA MURO
A14: 2.1 | B14: ESCAVAÇÃO MECANIZADA DE VALA COM PROFUNDIDADE ATÉ 1,5 M (MÉDIA MONTANTE E M3 JUSANTE/UMA COMPOSIÇÃO POR TRECHO), RETROESCAV. (0,26 M3), LARGURA DE 0,8M A 1,5 M, EM SOLO DE 1A CATEGORIA, LOCAIS COM BAIXO NÍVEL DE INTERFERÊNCIA. | C14: 90106 | D14: SINAPI | E14: 46023 | F14: m³ | G14: ='MEMÓRIA DE CÁLCULO'!D13 -> 28.14 | H14: 9.3 | I14: =IF(ISNUMBER(H14),ROUND(H14*$I$3+H14,2),) -> 11.43 | J14: =ROUND(I14*G14,2) -> 321.64
A15: 2.2 | B15: REGULARIZAÇÃO E COMPACTAÇÃO DE SUBLEITO DE SOLO PREDOMINANTEMENTE ARGILOSO, PARA OBRAS DE RECONSTRUÇÃO DE PAVIMENTOS. | C15: 105597 | D15: SINAPI | E15: 46023 | F15: m² | G15: ='MEMÓRIA DE CÁLCULO'!D14 -> 17.64 | H15: 4.06 | I15: =IF(ISNUMBER(H15),ROUND(H15*$I$3+H15,2),) -> 4.99 | J15: =ROUND(I15*G15,2) -> 88.02
B16: TOTAL | J16: =SUM(J14:J15) -> 409.66
A17: 3.0 | B17: RECONSTRUÇÃO DO MURO DE VEDAÇÃO
A18: 3.1 | B18: CORTE E DOBRA DE AÇO CA-60, DIÂMETRO DE 5,0 MM. | C18: 92800 | D18: SINAPI | E18: 46023 | F18: KG | G18: =28.1+172.6+154.8 -> 355.5 | H18: 9.58 | I18: =IF(ISNUMBER(H18),ROUND(H18*$I$3+H18,2),) -> 11.77 | J18: =ROUND(I18*G18,2) -> 4184.24
A19: 3.2 | B19: CORTE E DOBRA DE AÇO CA-25, DIÂMETRO DE 8,0 MM. | C19: 92876 | D19: SINAPI | E19: 46023 | F19: KG | G19: =35.7+172.6+107.2 -> 315.5 | H19: 11.9 | I19: =IF(ISNUMBER(H19),ROUND(H19*$I$3+H19,2),) -> 14.62 | J19: =ROUND(I19*G19,2) -> 4612.61
A20: 3.3 | B20: CORTE E DOBRA DE AÇO CA-25, DIÂMETRO DE 10,0 MM. | C20: 92877 | D20: SINAPI | E20: 46023 | F20: KG | G20: =10.8+131+201.5 -> 343.3 | H20: 9.16 | I20: =IF(ISNUMBER(H20),ROUND(H20*$I$3+H20,2),) -> 11.26 | J20: =ROUND(I20*G20,2) -> 3865.56
A21: 3.4 | B21: CORTE E DOBRA DE AÇO CA-25, DIÂMETRO DE 12,5 MM. | C21: 92878 | D21: SINAPI | E21: 46023 | F21: KG | G21: =12.8+32+21.8 -> 66.6 | H21: 8.96 | I21: =IF(ISNUMBER(H21),ROUND(H21*$I$3+H21,2),) -> 11.01 | J21: =ROUND(I21*G21,2) -> 733.27
A22: 3.4 | B22: CONCRETAGEM DE PILARES, FCK = 25 MPA, COM USO DE BOMBA - LANÇAMENTO, ADENSAMENTO E ACABAMENTO. | C22: 103672 | D22: SINAPI | E22: 46023 | F22: M3 | G22: =1.91+10.32+7.36 -> 19.59 | H22: 673.9 | I22: =IF(ISNUMBER(H22),ROUND(H22*$I$3+H22,2),) -> 828.09 | J22: =ROUND(I22*G22,2) -> 16222.28
A23: 3.5 | B23: FABRICAÇÃO, MONTAGEM E DESMONTAGEM DE FÔRMA PARA VIGA BALDRAME, EM MADEIR SERRADA, E=25 MM, 4 UTILIZAÇÕES. | C23: 96536 | D23: SINAPI | E23: 46023 | F23: M² | G23: =11.39+102.84+109.01 -> 223.24 | H23: 73.98 | I23: =IF(ISNUMBER(H23),ROUND(H23*$I$3+H23,2),) -> 90.91 | J23: =ROUND(I23*G23,2) -> 20294.75
A24: 3.6 | B24: CONCRETO MAGRO PARA LASTRO, TRAÇO 1:4,5:4,5 (EM MASSA SECA DE CIMENTO/ ARE IA MÉDIA/ BRITA 1) - PREPARO MECÂNICO COM BETONEIRA 400 L. | C24: 94962 | D24: SINAPI | E24: 46023 | F24: M³ | G24: 1.5 | H24: 486.43 | I24: =IF(ISNUMBER(H24),ROUND(H24*$I$3+H24,2),) -> 597.73 | J24: =ROUND(I24*G24,2) -> 896.6
B25: TOTAL | J25: =SUM(J18:J24) -> 50809.31
A26: 4.0 | B26: ALVENARIA MURO DE VEDAÇÃO
A27: 4.1 | B27: ALVENARIA DE VEDAÇÃO COM TIJOLO CERÂMICO FURADO, ESP. 9CM, PARA REVESTIMENTO, INCLUSIVE ARGAMASSA PARA ASSENTAMENTO | C27: ED-48231 | D27: SEINFRA | E27: 45931 | F27: KG | G27: ='MEMÓRIA DE CÁLCULO'!D23 -> 133.17 | H27: 59.7 | I27: =IF(ISNUMBER(H27),ROUND(H27*$I$3+H27,2),) -> 73.36 | J27: =ROUND(I27*G27,2) -> 9769.35
A28: 4.2 | B28: CHAPISCO COM ARGAMASSA, TRAÇO 1:3 (CIMENTO E AREIA), ESP. 5MM, APLICADO EM ALVENARIA COM PENEIRA, INCLUSIVE ARGAMASSA COM PREPARO MECANIZADO | C28: ED-50729 | D28: SEINFRA | E28: 45931 | F28: KG | G28: ='MEMÓRIA DE CÁLCULO'!D24 -> 289.8 | H28: 14.59 | I28: =IF(ISNUMBER(H28),ROUND(H28*$I$3+H28,2),) -> 17.93 | J28: =ROUND(I28*G28,2) -> 5196.11
A29: 4.3 | B29: EMBOÇO COM ARGAMASSA, TRAÇO 1:6 (CIMENTO E AREIA), ESP. 20MM, APLICAÇÃO MANUAL, INCLUSIVE ARGAMASSA COM PREPARO MECANIZADO, EXCLUSIVE CHAPISCO | C29: ED-50732 | D29: SEINFRA | E29: 45931 | F29: KG | G29: ='MEMÓRIA DE CÁLCULO'!D25 -> 289.8 | H29: 37.89 | I29: =IF(ISNUMBER(H29),ROUND(H29*$I$3+H29,2),) -> 46.56 | J29: =ROUND(I29*G29,2) -> 13493.09
A30: 4.4 | B30: PINTURA ACRÍLICA EM PAREDE, DUAS (2) DEMÃOS, EXCLUSIVE SELADOR ACRÍLICO E MASSA ACRÍLICA/CORRIDA (PVA) | C30: ED-50451 | D30: SEINFRA | E30: 45931 | F30: m2 | G30: ='MEMÓRIA DE CÁLCULO'!D26 -> 1607.31 | H30: 16.57 | I30: =IF(ISNUMBER(H30),ROUND(H30*$I$3+H30,2),) -> 20.36 | J30: =ROUND(I30*G30,2) -> 32724.83
B31: SUBTOTAL | J31: =ROUND(SUM(J27:J30),2) -> 61183.38
A32: 5.0 | B32: PINTURA DA ETA
A33: 5.1 | B33: PAREDES
A34: 5.1.1 | B34: LIXAMENTO MANUAL EM PAREDE PARA REMOÇÃO DE TINTA | C34: ED-50505 | D34: SEINFRA | E34: 45931 | F34: m2 | G34: ='MEMÓRIA DE CÁLCULO'!D29 -> 2075.66 | H34: 3.37 | I34: =ROUND(H34*$I$3+H34,2) -> 4.14 | J34: =ROUND(I34*G34,2) -> 8593.23
A35: 5.1.2 | B35: EMASSAMENTO EM PAREDE COM MASSA CORRIDA (PVA), DUAS (2) DEMÃOS, INCLUSIVE LIXAMENTO PARA PINTURA | C35: ED-50478 | D35: SEINFRA | E35: 45931 | F35: m2 | G35: ='MEMÓRIA DE CÁLCULO'!D30 -> 207.29 | H35: 20.66 | I35: =ROUND(H35*$I$3+H35,2) -> 25.39 | J35: =ROUND(I35*G35,2) -> 5263.09
A36: 5.1.3 | B36: PINTURA ACRÍLICA EM PAREDE, DUAS (2) DEMÃOS, EXCLUSIVE SELADOR ACRÍLICO E MASSA ACRÍLICA/CORRIDA (PVA) | C36: ED-50451 | D36: SEINFRA | E36: 45931 | F36: m2 | G36: ='MEMÓRIA DE CÁLCULO'!D31 -> 1777.59 | H36: 16.57 | I36: =ROUND(H36*$I$3+H36,2) -> 20.36 | J36: =ROUND(I36*G36,2) -> 36191.73
A37: 5.1.4 | B37: PINTURA ACRÍLICA EM TETO, DUAS (2) DEMÃOS, EXCLUSIVE SELADOR ACRÍLICO E MASSA ACRÍLICA/CORRIDA (PVA) | C37: ED-50452 | D37: SEINFRA | E37: 45931 | F37: m² | G37: ='MEMÓRIA DE CÁLCULO'!D32 -> 43.07 | H37: 20.87 | I37: =ROUND(H37*$I$3+H37,2) -> 25.65 | J37: =ROUND(I37*G37,2) -> 1104.75
A38: 5.1.5 | B38: EMASSAMENTO EM PAREDE COM MASSA ACRÍLICA, DUAS (2) DEMÃOS, INCLUSIVE LIXAMENTO PARA PINTURA | C38: ED-50474 | D38: SEINFRA | E38: 45931 | F38: m² | G38: ='MEMÓRIA DE CÁLCULO'!D33 -> 535 | H38: 24.65 | I38: =ROUND(H38*$I$3+H38,2) -> 30.29 | J38: =ROUND(I38*G38,2) -> 16205.15
A39: 5.1.6 | B39: PINTURA ESMALTE BASE SOLVENTE EM SUPERFÍCIE DE CONCRETO/ALVENARIA, DUAS (2) DEMÃOS, COM APLICAÇÃO MANUAL, EXCLUSIVE SELADOR ACRÍLICO E MASSA ACRÍLICA/ CORRIDA (PVA) | C39: ED-50509 | D39: SEINFRA | E39: 45931 | F39: m² | G39: ='MEMÓRIA DE CÁLCULO'!D34 -> 255 | H39: 20.19 | I39: =ROUND(H39*$I$3+H39,2) -> 24.81 | J39: =ROUND(I39*G39,2) -> 6326.55
A40: 5.2 | B40: ESQUADRIAS DE MADEIRA
A41: 5.2.1 | B41: LIXAMENTO MANUAL EM SUPERFÍCIE DE MADEIRA PARA REMOÇÃO DE TINTA | C41: ED-50507 | D41: SEINFRA | E41: 45931 | F41: m2 | G41: ='MEMÓRIA DE CÁLCULO'!D36 -> 86.04 | H41: 5.13 | I41: =ROUND(H41*$I$3+H41,2) -> 6.3 | J41: =ROUND(I41*G41,2) -> 542.05
A42: 5.2.2 | B42: PINTURA ESMALTE EM ESQUADRIA DE MADEIRA, DUAS (2) DEMÃOS, INCLUSIVE UMA (1) DEMÃO DE FUNDO NIVELADOR, EXCLUSIVE MASSA A ÓLEO | C42: ED-50493 | D42: SEINFRA | E42: 45931 | F42: m2 | G42: ='MEMÓRIA DE CÁLCULO'!D37 -> 86.04 | H42: 35.67 | I42: =ROUND(H42*$I$3+H42,2) -> 43.83 | J42: =ROUND(I42*G42,2) -> 3771.13
A43: 5.3 | B43: ESQUADRIAS METÁLICAS | D43: SEINFRA
A44: 5.3.1 | B44: LIXAMENTO MANUAL EM SUPERFÍCIE METÁLICA PARA REMOÇÃO DE TINTA | C44: ED-50508 | D44: SEINFRA | E44: 45931 | F44: m2 | G44: ='MEMÓRIA DE CÁLCULO'!D39 -> 144.07 | H44: 5.82 | I44: =ROUND(H44*$I$3+H44,2) -> 7.15 | J44: =ROUND(I44*G44,2) -> 1030.1
A45: 5.3.2 | B45: PINTURA ESMALTE SINTÉTICO EM SUPERFÍCIES METÁLICAS, DUAS (2) DEMÃOS, INCLUSIVE UMA (1) DEMÃO DE FUNDO ANTICORROSIVO | C45: ED-50495 | D45: SEINFRA | E45: 45931 | F45: m2 | G45: ='MEMÓRIA DE CÁLCULO'!D40 -> 144.07 | H45: 34.72 | I45: =ROUND(H45*$I$3+H45,2) -> 42.66 | J45: =ROUND(I45*G45,2) -> 6146.03
A46: 5.4 | B46: PINTURA DE REGISTROS, TUBULAÇÕES CORRIMÃOS
A47: 5.4.1 | B47: LIXAMENTO MANUAL EM SUPERFÍCIE METÁLICA PARA REMOÇÃO DE TINTA | C47: ED-50508 | D47: SEINFRA | E47: 45931 | F47: m2 | G47: ='MEMÓRIA DE CÁLCULO'!D42 -> 289.37 | H47: 5.82 | I47: =ROUND(H47*$I$3+H47,2) -> 7.15 | J47: =ROUND(I47*G47,2) -> 2069
A48: 5.4.2 | B48: PINTURA ESMALTE EM ESQUADRIA DE MADEIRA, DUAS (2) DEMÃOS, INCLUSIVE UMA (1) DEMÃO DE FUNDO NIVELADOR, EXCLUSIVE MASSA A ÓLEO | C48: ED-50493 | D48: SEINFRA | E48: 45931 | F48: m2 | G48: ='MEMÓRIA DE CÁLCULO'!D43 -> 289.37 | H48: 35.67 | I48: =ROUND(H48*$I$3+H48,2) -> 43.83 | J48: =ROUND(I48*G48,2) -> 12683.09
A49: 5.5 | B49: FILTROS
A50: 5.5.1 | B50: IMPERMEABILIZAÇÃO POR CRISTALIZAÇÃO, APLICAÇÃO MANUAL, INCLUSIVE LIMPEZA DA SUPERFÍCIE E LAVAGEM COM HIDROJATEAMENTO | C50: ED-50171 | D50: SEINFRA | E50: 45931 | F50: m2 | G50: 250 | H50: 27.03 | I50: =ROUND(H50*$I$3+H50,2) -> 33.21 | J50: =ROUND(I50*G50,2) -> 8302.5
A51: 5.5.2 | B51: IMPERMEABILIZAÇÃO COM ARGAMASSA POLIMÉRICA, INCLUSIVE PREPARO MANUAL DA ARGAMASSA | C51: ED-50175 | D51: SEINFRA | E51: 45931 | F51: m2 | G51: 250 | H51: 24.99 | I51: =ROUND(H51*$I$3+H51,2) -> 30.71 | J51: =ROUND(I51*G51,2) -> 7677.5
B52: SUBTOTAL | J52: =ROUND(SUM(J34:J51),2) -> 115905.9
A53: 6.0 | B53: REVESTIMENTOS
A54: 6.1 | B54: REVESTIMENTO DE PISO
A55: 6.1.1 | B55: CAMADA DE REGULARIZAÇÃO COM ARGAMASSA, TRAÇO 1:3 (CIMENTO E AREIA), ESP. 20MM, APLICAÇÃO MANUAL, INCLUSIVE ARGAMASSA COM PREPARO MECANIZADO | C55: ED-13287 | D55: SEINFRA | E55: 45931 | F55: m2 | G55: ='MEMÓRIA DE CÁLCULO'!D49 -> 61.69 | H55: 40.77 | I55: =ROUND(H55*$I$3+H55,2) -> 50.1 | J55: =ROUND(I55*G55,2) -> 3090.67
A56: 6.1.2 | B56: REVESTIMENTO CERÂMICO PARA PISO COM PLACAS TIPO ESMALTADA EXTRA DE DIMENSÕES 35X35 CM APLICADA EM AMBIENTES DE ÁREA MAIOR QUE 10 M2. AF_02/2023_PE | C56: 87248 | D56: SINAPI | E56: 45931 | F56: M2 | G56: ='MEMÓRIA DE CÁLCULO'!D50 -> 61.69 | H56: 52.53 | I56: =ROUND(H56*$I$3+H56,2) -> 64.55 | J56: =ROUND(I56*G56,2) -> 3982.09
A57: 6.1.3 | B57: SOLEIRA DE GRANITO, NA COR CINZA ANDORINHA , ESP. 2CM, ACABAMENTO POLIDO, ASSENTAMENTO COM ARGAMASSA INDUSTRIALIZADA, INCLUSIVE REJUNTAMENTO | C57: ED-51002 | D57: SEINFRA | E57: 45931 | F57: m2 | G57: ='MEMÓRIA DE CÁLCULO'!D51 -> 0.82 | H57: 331.47 | I57: =ROUND(H57*$I$3+H57,2) -> 407.31 | J57: =ROUND(I57*G57,2) -> 333.99
A58: 6.1.4 | B58: CONTRAPISO DESEMPENADO COM ARGAMASSA, TRAÇO 1:3 (CIMENTO E AREIA), ESP. 30MM, INCLUSIVE ARGAMASSA COM PREPARO MECANIZADO | C58: ED-50568 | D58: SEINFRA | E58: 45931 | F58: m2 | G58: ='MEMÓRIA DE CÁLCULO'!D52 -> 61.69 | H58: 47.35 | I58: =ROUND(H58*$I$3+H58,2) -> 58.18 | J58: =ROUND(I58*G58,2) -> 3589.12
A59: 6.1.5 | B59: PINTURA EPÓXI EM PISO, DUAS (2) DEMÃOS, INCLUSIVE UMA (1) DEMÃO DE PRIMER EPÓXI E PREPARAÇÃO DA SUPERFÍCIE COM ARGAMASSA AUTONIVELANTE, ESP.4MM | C59: ED-9933 | D59: SEINFRA | E59: 45931 | F59: m2 | G59: ='MEMÓRIA DE CÁLCULO'!D53 -> 130.61 | H59: 111.14 | I59: =ROUND(H59*$I$3+H59,2) -> 136.57 | J59: =ROUND(I59*G59,2) -> 17837.41
A60: 6.1.6 | B60: DEMOLIÇÃO MANUAL DE PISO CERÂMICO OU LADRILHO HIDRÁULICO, INCLUSIVE AFASTAMENTO E EMPILHAMENTO, EXCLUSIVE DEMOLIÇÃO DE CONTRAPISO, TRANSPORTE E RETIRADA DO MATERIAL DEMOLIDO | C60: ED-48480 | D60: SEINFRA | E60: 45931 | F60: m2 | G60: ='MEMÓRIA DE CÁLCULO'!D54 -> 61.69 | H60: 18.71 | I60: =ROUND(H60*$I$3+H60,2) -> 22.99 | J60: =ROUND(I60*G60,2) -> 1418.25
A61: 6.2 | B61: REVESTIMENTO DE PAREDE
A62: 6.2.1 | B62: REVESTIMENTO COM CERÂMICA APLICADO EM PAREDE, ACABAMENTO ESMALTADO, AMBIENTE INTERNO/EXTERNO, PADRÃO EXTRA, DIMENSÃO DA PEÇA ATÉ 2025 CM2, PEI III, ASSENTAMENTO COM ARGAMASSA INDUSTRIALIZADA, INCLUSIVE REJUNTAMENTO | C62: ED-9081 | D62: SEINFRA | E62: 45931 | F62: m2 | G62: ='MEMÓRIA DE CÁLCULO'!D56 -> 132.03 | H62: 79.07 | I62: =ROUND(H62*$I$3+H62,2) -> 97.16 | J62: =ROUND(I62*G62,2) -> 12828.03
A63: 6.2.2 | B63: ='MEMÓRIA DE CÁLCULO'!B57 -> DEMOLIÇÃO MANUAL DE REVESTIMENTO CERÂMICO, AZULEJO OU LADRILHO HIDRÁULICO, INCLUSIVE AFASTAMENTO E EMPILHAMENTO, EXCLUSIVE DEMOLIÇÃO DO REBOCO OU EMBOÇO, TRANSPORTE E RETIRADA DO MATERIAL DEMOLIDO | C63: ED-48502 | D63: SEINFRA | E63: 45931 | F63: m2 | G63: ='MEMÓRIA DE CÁLCULO'!D56 -> 132.03 | H63: 23.39 | I63: =ROUND(H63*$I$3+H63,2) -> 28.74 | J63: =ROUND(I63*G63,2) -> 3794.54
B64: SUBTOTAL | J64: =ROUND(SUM(J55:J63),2) -> 46874.1
A65: 7.0 | B65: ESQUADRIAS
A66: 7.1 | B66: PINTURA ESMALTE BASE ÁGUA EM SUPERFÍCIES METÁLICAS, TRÊS (3) DEMÃOS, COM APLICAÇÃO MANUAL, EXCLUSIVE FUNDO ANTICORROSIVO E PREPARAÇÃO DA SUPERFÍCIE COM LIXAMENTO | C66: ED-14800 | D66: SEINFRA | E66: 45931 | F66: m2 | G66: ='MEMÓRIA DE CÁLCULO'!D59 -> 25.2 | H66: 33.06 | I66: =ROUND(H66*$I$3+H66,2) -> 40.62 | J66: =ROUND(I66*G66,2) -> 1023.62
A67: 7.2 | B67: MOTOR PARA PORTÃO ELETRÔNICO ATÉ 600KG | C67: 2 | D67: COMPOSIÇÃO | E67: 45931 | F67: UNID. | G67: 1 | H67: ='COMPOSIÇÕES UNITÁRIAS'!L9 -> 686.50667 | I67: =ROUND(H67*$I$3+H67,2) -> 843.58 | J67: =ROUND(I67*G67,2) -> 843.58
B68: SUBTOTAL | J68: =ROUND(SUM(J66:J67),2) -> 1867.2
A69: 8.0 | B69: COBERTURA
A70: 8.1 | B70: CALHA EM CHAPA GALVANIZADA, ESP. 0,65MM (GSG-24), COM DESENVOLVIMENTO DE 75CM, INCLUSIVE IÇAMENTO MANUAL VERTICAL | C70: ED-50659 | D70: SEINFRA | E70: 45931 | F70: M | G70: ='MEMÓRIA DE CÁLCULO'!D62 -> 12.6 | H70: 87.84 | I70: =ROUND(H70*$I$3+H70,2) -> 107.94 | J70: =ROUND(I70*G70,2) -> 1360.04
A71: 8.2 | B71: CONDUTOR DE AP DO TELHADO EM TUBO PVC ESGOTO, INCLUSIVE CONEXÕES E SUPORTES, 100 MM | C71: ED-50668 | D71: SEINFRA | E71: 45931 | F71: M | G71: ='MEMÓRIA DE CÁLCULO'!D63 -> 7 | H71: 93.55 | I71: =ROUND(H71*$I$3+H71,2) -> 114.95 | J71: =ROUND(I71*G71,2) -> 804.65
A72: 8.3 | B72: FORNECIMENTO DE ESTRUTURA METÁLICA E ENGRADAMENTO METÁLICO, EM AÇO, SOBRE LAJE PARA TELHA CERÂMICA, COBERTURA PADRÃO DO PRÉDIO ESCOLAR, EXCLUSIVE TELHA, INCLUSIVE FABRICAÇÃO, TRANSPORTE, MONTAGEM, APLICAÇÃO DE FUNDO PREPARADOR ANTICORROSIVO, UMA (1) DEMÃO E PINTURA ESMALTE, DUAS (2) DEMÃOS | C72: ED-20575 | D72: SEINFRA | E72: 45931 | F72: m² | G72: ='MEMÓRIA DE CÁLCULO'!D64 -> 12 | H72: 326.53 | I72: =ROUND(H72*$I$3+H72,2) -> 401.24 | J72: =ROUND(I72*G72,2) -> 4814.88
A73: 8.4 | B73: COBERTURA EM TELHA METÁLICA GALVANIZADA TRAPEZOIDAL, TIPO SIMPLES, ESP. 0,50MM, ACABAMENTO NATURAL, INCLUSIVE ACESSÓRIOS PARA FIXAÇÃO, FORNECIMENTO E INSTALAÇÃO | C73: ED-48428 | D73: SEINFRA | E73: 45931 | F73: m² | G73: ='MEMÓRIA DE CÁLCULO'!D65 -> 56.61 | H73: 97.63 | I73: =ROUND(H73*$I$3+H73,2) -> 119.97 | J73: =ROUND(I73*G73,2) -> 6791.5
B74: MANTA ISOLANTE/TÉRMICA PARA TELHADO, EXCLUSIVE CONTACAIBRO | C74: ED-52311 | D74: SEINFRA | E74: 45931 | F74: m² | G74: ='MEMÓRIA DE CÁLCULO'!D66 -> 56.61 | H74: 20.5 | I74: =ROUND(H74*$I$3+H74,2) -> 25.19 | J74: =ROUND(I74*G74,2) -> 1426.01
B75: SUBTOTAL | J75: =ROUND(SUM(J70:J74),2) -> 15197.08
A76: 9.0 | B76: LIMPEZA FINAL DE OBRA
A77: 9.1 | B77: LIMPEZA FINAL PARA ENTREGA DA OBRA | C77: ED-50266 | D77: SEINFRA | E77: 45931 | F77: M² | G77: ='MEMÓRIA DE CÁLCULO'!D68 -> 209.5 | H77: 8.32 | I77: =ROUND(H77*$I$3+H77,2) -> 10.22 | J77: =ROUND(I77*G77,2) -> 2141.09
A78: 9.2 | B78: RASTELEIRO COM ENCARGOS COMPLEMENTARES | C78: ED-7607 | D78: SEINFRA | E78: 45931 | F78: h | G78: 40 | H78: 22.69 | I78: =ROUND(H78*$I$3+H78,2) -> 27.88 | J78: =ROUND(I78*G78,2) -> 1115.2
B79: SUBTOTAL | J79: =ROUND(SUM(J77:J78),2) -> 3256.29
H80: TOTAL GERAL R$ | J80: =J12+J16+J25+J31+J52+J64+J68+J75+J79 -> 315698.52
B84: ________________________________________________ | D84: _____________________________________________________
B85: JOÃO PEDRO SATHLER SILVA | D85: CARLOS AUGUSTO BONIFÁCIO PIRES FILHO
B86: CREA-MG: 295.720/D | D86: Diretor do SAAE

Sheet MEMÓRIA DE CÁLCULO
A1: PLANILHA ORÇAMENTÁRIA DE CUSTOS
B2: SERVIÇO AUTÔNOMO DE ÁGUA E ESGOTO (SAAE) | G2: BDI: | H2: DATA:
B3: ='PLANILHA COLINA'!B3 -> OBRA: REFORMA ETA E CONSTRUÇÃO DE MURO | C3: LOCAL: MANHUAÇU/MG | G3: 0.2288 | H3: 45740
B4: PREÇOS REFERENCIAIS: SINAPI - SEINFRA - COMPOSIÇÃO PRÓPRIA | C4: PRAZO DE EXECUÇÃO: 1 MÊS | F4: EXECUÇÃO: ( ) DIRETA ( x ) INDIRETA
B5: RESPONSÁVEL TÉCNICO: FABRICIO SANTOS DE SOUZA | E5: ART OU RRT Nº
A6: ITEM | B6: DESCRIÇÃO DOS SERVIÇOS | C6: UN | D6: QUANT. | E6: MEMÓRIA DE CÁLCULO
A8: 1.0 | B8: SERVIÇOS PRELIMINARES
A9: 1.1 | B9: FORNECIMENTO E INSTALAÇÃO DE PLACA DE OBRA COM CHAPA GALVANIZADA E ESTRUTURA DE MADEIRA. | C9: ='PLANILHA COLINA'!F9 -> M² | D9: 4.5 | E9: Placa de obra de 1,5m x 3m
A10: 1.2 | B10: ='PLANILHA COLINA'!B10 -> ENGENHEIRO CIVIL DE OBRA JUNIOR COM ENCARGOS COMPLEMENTARES | C10: ='PLANILHA COLINA'!F10 -> H | D10: 60 | E10: 12h mensais
A11: 1.3 | B11: ='PLANILHA COLINA'!B11 -> MOBILIZAÇÃO E DESMOBILIZAÇÃO | C11: ='PLANILHA COLINA'!F11 -> UNID. | D11: 1 | E11: Mobilização e desmobilização
A12: 2.0 | B12: MOVIMENTAÇÃO DE TERRA
A13: 2.1 | B13: ESCAVAÇÃO MECANIZADA DE VALA COM PROFUNDIDADE ATÉ 1,5 M (MÉDIA MONTANTE E M3 JUSANTE/UMA COMPOSIÇÃO POR TRECHO), RETROESCAV. (0,26 M3), LARGURA DE 0,8M A 1,5 M, EM SOLO DE 1A CATEGORIA, LOCAIS COM BAIXO NÍVEL DE INTERFERÊNCIA. | C13: ='PLANILHA COLINA'!F14 -> m³ | D13: 28.14 | E13: 12 sapatas de 70 x 70 x 1,5 - 9 sapatas de 60 x 70 x 1,5m - 9 sapatas de 70 x 80 x 1,5m - 1 sapata de 140 x 140 x 1,5m
A14: 2.2 | B14: REGULARIZACAO E APILOAMENTO DE FUNDO DE VALAS | C14: ='PLANILHA COLINA'!F15 -> m² | D14: =4.2*4.2 -> 17.64 | E14: 28,14/1,5 de profundidade
A15: 3.0 | B15: ='PLANILHA COLINA'!B17 -> RECONSTRUÇÃO DO MURO DE VEDAÇÃO
A16: 3.1 | B16: ='PLANILHA COLINA'!B18 -> CORTE E DOBRA DE AÇO CA-60, DIÂMETRO DE 5,0 MM. | C16: ='PLANILHA COLINA'!F18 -> KG | D16: ='PLANILHA COLINA'!G18 -> 355.5 | E16: Extraído do projeto
A17: 3.2 | B17: ='PLANILHA COLINA'!B19 -> CORTE E DOBRA DE AÇO CA-25, DIÂMETRO DE 8,0 MM. | C17: ='PLANILHA COLINA'!F19 -> KG | D17: ='PLANILHA COLINA'!G19 -> 315.5 | E17: Extraído do projeto
A18: 3.3 | B18: ='PLANILHA COLINA'!B20 -> CORTE E DOBRA DE AÇO CA-25, DIÂMETRO DE 10,0 MM. | C18: ='PLANILHA COLINA'!F20 -> KG | D18: ='PLANILHA COLINA'!G20 -> 343.3 | E18: Extraído do projeto
A19: 3.4 | B19: ='PLANILHA COLINA'!B22 -> CONCRETAGEM DE PILARES, FCK = 25 MPA, COM USO DE BOMBA - LANÇAMENTO, ADENSAMENTO E ACABAMENTO. | C19: ='PLANILHA COLINA'!F22 -> M3 | D19: ='PLANILHA COLINA'!G22 -> 19.59 | E19: Extraído do projeto
A20: 3.5 | B20: ='PLANILHA COLINA'!B23 -> FABRICAÇÃO, MONTAGEM E DESMONTAGEM DE FÔRMA PARA VIGA BALDRAME, EM MADEIR SERRADA, E=25 MM, 4 UTILIZAÇÕES. | C20: ='PLANILHA COLINA'!F23 -> M² | D20: ='PLANILHA COLINA'!G23 -> 223.24 | E20: Extraído do projeto
A21: 3.6 | B21: ='PLANILHA COLINA'!B24 -> CONCRETO MAGRO PARA LASTRO, TRAÇO 1:4,5:4,5 (EM MASSA SECA DE CIMENTO/ ARE IA MÉDIA/ BRITA 1) - PREPARO MECÂNICO COM BETONEIRA 400 L. | C21: ='PLANILHA COLINA'!F24 -> M³ | D21: ='PLANILHA COLINA'!G24 -> 1.5 | E21: 28,14 / 1,5 x 0,05 espessura
A22: 4.0 | B22: ='PLANILHA COLINA'!B26 -> ALVENARIA MURO DE VEDAÇÃO
A23: 4.1 | B23: ='PLANILHA COLINA'!B27 -> ALVENARIA DE VEDAÇÃO COM TIJOLO CERÂMICO FURADO, ESP. 9CM, PARA REVESTIMENTO, INCLUSIVE ARGAMASSA PARA ASSENTAMENTO | C23: m² | D23: 133.17 | E23: 57,9 x 2,3m
A24: 4.2 | B24: ='PLANILHA COLINA'!B28 -> CHAPISCO COM ARGAMASSA, TRAÇO 1:3 (CIMENTO E AREIA), ESP. 5MM, APLICADO EM ALVENARIA COM PENEIRA, INCLUSIVE ARGAMASSA COM PREPARO MECANIZADO | C24: ='PLANILHA COLINA'!F27 -> KG | D24: 289.8 | E24: 57,96 x 2,5m x 2 lados
A25: 4.3 | B25: ='PLANILHA COLINA'!B29 -> EMBOÇO COM ARGAMASSA, TRAÇO 1:6 (CIMENTO E AREIA), ESP. 20MM, APLICAÇÃO MANUAL, INCLUSIVE ARGAMASSA COM PREPARO MECANIZADO, EXCLUSIVE CHAPISCO | C25: ='PLANILHA COLINA'!F28 -> KG | D25: 289.8 | E25: 57,96 x 2,5m x 2 lados
A26: 4.4 | B26: ='PLANILHA COLINA'!B30 -> PINTURA ACRÍLICA EM PAREDE, DUAS (2) DEMÃOS, EXCLUSIVE SELADOR ACRÍLICO E MASSA ACRÍLICA/CORRIDA (PVA) | C26: ='PLANILHA COLINA'!F29 -> KG | D26: 1607.31 | E26: Extensão total do muro extraída do projeto: 297,65m x 2,70m
A27: 5.0 | B27: ='PLANILHA COLINA'!B32 -> PINTURA DA ETA
A28: 5.1 | B28: ='PLANILHA COLINA'!B33 -> PAREDES
A29: 5.1.1 | B29: ='PLANILHA COLINA'!B34 -> LIXAMENTO MANUAL EM PAREDE PARA REMOÇÃO DE TINTA | C29: ='PLANILHA COLINA'!F34 -> m2 | D29: =280+255+79.87+43.07+45.01+39.34+1280.94+52.43 -> 2075.66 | E29: (Aplicação exterior em alvenaria) Tinta na cor Branca = 280,00m² Tinta na cor Azul = 255,00m² Tinta para o Interior da E.T.A = Térreo = 79,87m², Teto = 43,07m² Tinta para o Interior da E.T.A = 1º Pav. = 45,01m² Tinta para o Interior da E.T.A = 2º Pav. = 39,34m² Paredes externas – de todos reservatórios, caixas de contato, calhas parshalls, decantadores e padrão de energia = 1.280,94m² Marquises do prédio - teto com testeiras = 52,43m²
A30: 5.1.2 | B30: ='PLANILHA COLINA'!B35 -> EMASSAMENTO EM PAREDE COM MASSA CORRIDA (PVA), DUAS (2) DEMÃOS, INCLUSIVE LIXAMENTO PARA PINTURA | C30: ='PLANILHA COLINA'!F35 -> m2 | D30: =79.87+43.07+45.01+39.34 -> 207.29 | E30: Tinta para o Interior da E.T.A = Térreo = 79,87m², Teto = 43,07m² Tinta para o Interior da E.T.A = 1º Pav. = 45,01m² Tinta para o Interior da E.T.A = 2º Pav. = 39,34m²
A31: 5.1.3 | B31: ='PLANILHA COLINA'!B36 -> PINTURA ACRÍLICA EM PAREDE, DUAS (2) DEMÃOS, EXCLUSIVE SELADOR ACRÍLICO E MASSA ACRÍLICA/CORRIDA (PVA) | C31: ='PLANILHA COLINA'!F36 -> m2 | D31: =280+79.87+45.01+39.34+1280.94+52.43 -> 1777.59 | E31: (Aplicação exterior em alvenaria) Tinta na cor Branca = 280,00m² Tinta para o Interior da E.T.A = Térreo = 79,87m², Tinta para o Interior da E.T.A = 1º Pav. = 45,01m² Tinta para o Interior da E.T.A = 2º Pav. = 39,34m² Paredes externas – de todos reservatórios, caixas de contato, calhas parshalls, decantadores e padrão de energia = 1.280,94m² Marquises do prédio - teto com testeiras = 52,43m²
A32: 5.1.4 | B32: ='PLANILHA COLINA'!B37 -> PINTURA ACRÍLICA EM TETO, DUAS (2) DEMÃOS, EXCLUSIVE SELADOR ACRÍLICO E MASSA ACRÍLICA/CORRIDA (PVA) | C32: ='PLANILHA COLINA'!F37 -> m² | D32: 43.07 | E32: Teto = 43,07m²
A33: 5.1.5 | B33: ='PLANILHA COLINA'!B38 -> EMASSAMENTO EM PAREDE COM MASSA ACRÍLICA, DUAS (2) DEMÃOS, INCLUSIVE LIXAMENTO PARA PINTURA | C33: ='PLANILHA COLINA'!F38 -> m² | D33: =280+255 -> 535 | E33: Tinta na cor Branca = 280,00m² Tinta na cor Azul = 255,00m²
A34: 5.1.6 | B34: ='PLANILHA COLINA'!B39 -> PINTURA ESMALTE BASE SOLVENTE EM SUPERFÍCIE DE CONCRETO/ALVENARIA, DUAS (2) DEMÃOS, COM APLICAÇÃO MANUAL, EXCLUSIVE SELADOR ACRÍLICO E MASSA ACRÍLICA/ CORRIDA (PVA) | C34: ='PLANILHA COLINA'!F39 -> m² | D34: 255 | E34: Tinta na cor Azul = 255,00m²
A35: 5.2 | B35: ='PLANILHA COLINA'!B40 -> ESQUADRIAS DE MADEIRA
A36: ='PLANILHA COLINA'!A41 -> 5.2.1 | B36: ='PLANILHA COLINA'!B41 -> LIXAMENTO MANUAL EM SUPERFÍCIE DE MADEIRA PARA REMOÇÃO DE TINTA | C36: ='PLANILHA COLINA'!F41 -> m2 | D36: 86.04 | E36: Esquadrias = 86,04m²
A37: ='PLANILHA COLINA'!A42 -> 5.2.2 | B37: ='PLANILHA COLINA'!B42 -> PINTURA ESMALTE EM ESQUADRIA DE MADEIRA, DUAS (2) DEMÃOS, INCLUSIVE UMA (1) DEMÃO DE FUNDO NIVELADOR, EXCLUSIVE MASSA A ÓLEO | C37: ='PLANILHA COLINA'!F42 -> m2 | D37: 86.04 | E37: Esquadrias = 86,04m²
A38: ='PLANILHA COLINA'!A43 -> 5.3 | B38: ='PLANILHA COLINA'!B43 -> ESQUADRIAS METÁLICAS
A39: ='PLANILHA COLINA'!A44 -> 5.3.1 | B39: ='PLANILHA COLINA'!B44 -> LIXAMENTO MANUAL EM SUPERFÍCIE METÁLICA PARA REMOÇÃO DE TINTA | C39: ='PLANILHA COLINA'!F44 -> m2 | D39: 144.07 | E39: Corrimãos = 144,07m²
A40: ='PLANILHA COLINA'!A45 -> 5.3.2 | B40: ='PLANILHA COLINA'!B45 -> PINTURA ESMALTE SINTÉTICO EM SUPERFÍCIES METÁLICAS, DUAS (2) DEMÃOS, INCLUSIVE UMA (1) DEMÃO DE FUNDO ANTICORROSIVO | C40: ='PLANILHA COLINA'!F45 -> m2 | D40: 144.07 | E40: Corrimãos = 144,07m²
A41: ='PLANILHA COLINA'!A46 -> 5.4 | B41: ='PLANILHA COLINA'!B46 -> PINTURA DE REGISTROS, TUBULAÇÕES CORRIMÃOS
A42: ='PLANILHA COLINA'!A47 -> 5.4.1 | B42: ='PLANILHA COLINA'!B47 -> LIXAMENTO MANUAL EM SUPERFÍCIE METÁLICA PARA REMOÇÃO DE TINTA | C42: ='PLANILHA COLINA'!F47 -> m2 | D42: =25.56+47.48+8.3+21.48+81.35+105.2 -> 289.37 | E42: Registros de Água Tratada = 25,56m² Registros de Descarga = 47,48m² Tubulação de água bruta com conexões – Ø400mm = 8,30m² Tubulação de descarga com conexões – Ø400, Ø200, Ø100 = 21,48m² Tubulação de água tratada com conexões = 81,35m² Registros dos filtros = diversos 41 peças = 105,20m²
A43: ='PLANILHA COLINA'!A48 -> 5.4.2 | B43: ='PLANILHA COLINA'!B48 -> PINTURA ESMALTE EM ESQUADRIA DE MADEIRA, DUAS (2) DEMÃOS, INCLUSIVE UMA (1) DEMÃO DE FUNDO NIVELADOR, EXCLUSIVE MASSA A ÓLEO | C43: ='PLANILHA COLINA'!F48 -> m2 | D43: =25.56+47.48+8.3+21.48+81.35+105.2 -> 289.37 | E43: Registros de Água Tratada = 25,56m² Registros de Descarga = 47,48m² Tubulação de água bruta com conexões – Ø400mm = 8,30m² Tubulação de descarga com conexões – Ø400, Ø200, Ø100 = 21,48m² Tubulação de água tratada com conexões = 81,35m² Registros dos filtros = diversos 41 peças = 105,20m²
A44: ='PLANILHA COLINA'!A49 -> 5.5 | B44: ='PLANILHA COLINA'!B49 -> FILTROS
A45: 5.5.1 | B45: ='PLANILHA COLINA'!B50 -> IMPERMEABILIZAÇÃO POR CRISTALIZAÇÃO, APLICAÇÃO MANUAL, INCLUSIVE LIMPEZA DA SUPERFÍCIE E LAVAGEM COM HIDROJATEAMENTO | C45: ='PLANILHA COLINA'!F55 -> m2 | D45: ='PLANILHA COLINA'!G50 -> 250 | E45: Estimativa para impermeabilização dos filtros
A46: 5.5.2 | B46: ='PLANILHA COLINA'!B51 -> IMPERMEABILIZAÇÃO COM ARGAMASSA POLIMÉRICA, INCLUSIVE PREPARO MANUAL DA ARGAMASSA | C46: ='PLANILHA COLINA'!F56 -> M2 | D46: ='PLANILHA COLINA'!G51 -> 250 | E46: Estimativa para impermeabilização dos filtros
A47: 6.0 | B47: ='PLANILHA COLINA'!B53 -> REVESTIMENTOS
A48: 6.1 | B48: ='PLANILHA COLINA'!B54 -> REVESTIMENTO DE PISO
A49: 6.1.1 | B49: ='PLANILHA COLINA'!B55 -> CAMADA DE REGULARIZAÇÃO COM ARGAMASSA, TRAÇO 1:3 (CIMENTO E AREIA), ESP. 20MM, APLICAÇÃO MANUAL, INCLUSIVE ARGAMASSA COM PREPARO MECANIZADO | C49: m² | D49: 61.69 | E49: Depósito químico: 37,69m² Casa de preparo: 24,00 m²
A50: 6.1.2 | B50: ='PLANILHA COLINA'!B56 -> REVESTIMENTO CERÂMICO PARA PISO COM PLACAS TIPO ESMALTADA EXTRA DE DIMENSÕES 35X35 CM APLICADA EM AMBIENTES DE ÁREA MAIOR QUE 10 M2. AF_02/2023_PE | C50: m² | D50: 61.69 | E50: Depósito químico: 37,69m² Casa de preparo: 24,00 m²
A51: 6.1.3 | B51: ='PLANILHA COLINA'!B57 -> SOLEIRA DE GRANITO, NA COR CINZA ANDORINHA , ESP. 2CM, ACABAMENTO POLIDO, ASSENTAMENTO COM ARGAMASSA INDUSTRIALIZADA, INCLUSIVE REJUNTAMENTO | C51: m² | D51: 0.82 | E51: Sala de Depósito químico: 2,48x0,15 e 2,98 x 0,15
A52: 6.1.4 | B52: ='PLANILHA COLINA'!B58 -> CONTRAPISO DESEMPENADO COM ARGAMASSA, TRAÇO 1:3 (CIMENTO E AREIA), ESP. 30MM, INCLUSIVE ARGAMASSA COM PREPARO MECANIZADO | C52: m² | D52: 61.69 | E52: Depósito químico: 37,69m² Casa de preparo: 24,00 m²
A53: 6.1.5 | B53: ='PLANILHA COLINA'!B59 -> PINTURA EPÓXI EM PISO, DUAS (2) DEMÃOS, INCLUSIVE UMA (1) DEMÃO DE PRIMER EPÓXI E PREPARAÇÃO DA SUPERFÍCIE COM ARGAMASSA AUTONIVELANTE, ESP.4MM | C53: m² | D53: 130.61 | E53: Piso dos tanques: 130,61m²
A54: 6.1.6 | B54: DEMOLIÇÃO MANUAL DE PISO CERÂMICO OU LADRILHO HIDRÁULICO, INCLUSIVE AFASTAMENTO E EMPILHAMENTO, EXCLUSIVE DEMOLIÇÃO DE CONTRAPISO, TRANSPORTE E RETIRADA DO MATERIAL DEMOLIDO | C54: m² | D54: 61.69 | E54: Depósito químico: 37,69m² Casa de preparo: 24,00 m²
A55: ='PLANILHA COLINA'!A61 -> 6.2 | B55: ='PLANILHA COLINA'!B61 -> REVESTIMENTO DE PAREDE
A56: 6.2.1 | B56: ='PLANILHA COLINA'!B62 -> REVESTIMENTO COM CERÂMICA APLICADO EM PAREDE, ACABAMENTO ESMALTADO, AMBIENTE INTERNO/EXTERNO, PADRÃO EXTRA, DIMENSÃO DA PEÇA ATÉ 2025 CM2, PEI III, ASSENTAMENTO COM ARGAMASSA INDUSTRIALIZADA, INCLUSIVE REJUNTAMENTO | C56: m² | D56: =116.55+15.48 -> 132.03 | E56: Casa de química: 7,15 x 3,06 + 3,48 x 3,06 + 2,52 x 3,06 + 1,35 x 3,06 + 4,97 x 3,06 + 1,92 x 3,06 + 1,45 x 3,06 = 116,55 Sala do Chefe da ETA: (2,37 + 2,35 + 1,88) x 2,51 =15,78m²
A57: 6.2.2 | B57: DEMOLIÇÃO MANUAL DE REVESTIMENTO CERÂMICO, AZULEJO OU LADRILHO HIDRÁULICO, INCLUSIVE AFASTAMENTO E EMPILHAMENTO, EXCLUSIVE DEMOLIÇÃO DO REBOCO OU EMBOÇO, TRANSPORTE E RETIRADA DO MATERIAL DEMOLIDO | C57: m² | D57: =116.55+15.48 -> 132.03 | E57: Casa de química: 7,15 x 3,06 + 3,48 x 3,06 + 2,52 x 3,06 + 1,35 x 3,06 + 4,97 x 3,06 + 1,92 x 3,06 + 1,45 x 3,06 = 116,55 Sala do Chefe da ETA: (2,37 + 2,35 + 1,88) x 2,51 =15,78m²
A58: ='PLANILHA COLINA'!A65 -> 7.0 | B58: ='PLANILHA COLINA'!B65 -> ESQUADRIAS
A59: 7.1 | B59: ='PLANILHA COLINA'!B66 -> PINTURA ESMALTE BASE ÁGUA EM SUPERFÍCIES METÁLICAS, TRÊS (3) DEMÃOS, COM APLICAÇÃO MANUAL, EXCLUSIVE FUNDO ANTICORROSIVO E PREPARAÇÃO DA SUPERFÍCIE COM LIXAMENTO | C59: m² | D59: 25.2 | E59: Pintura do portão: 4m x 3,15m x 2 lados
A60: 7.2 | B60: ='PLANILHA COLINA'!B67 -> MOTOR PARA PORTÃO ELETRÔNICO ATÉ 600KG | C60: un | D60: 1 | E60: Motor para portão de entrada
A61: 8.0 | B61: ='PLANILHA COLINA'!B69 -> COBERTURA
A62: 8.1 | B62: ='PLANILHA COLINA'!B70 -> CALHA EM CHAPA GALVANIZADA, ESP. 0,65MM (GSG-24), COM DESENVOLVIMENTO DE 75CM, INCLUSIVE IÇAMENTO MANUAL VERTICAL | C62: m² | D62: =4*3.15 -> 12.6 | E62: 11,10m
A63: 8.2 | B63: ='PLANILHA COLINA'!B71 -> CONDUTOR DE AP DO TELHADO EM TUBO PVC ESGOTO, INCLUSIVE CONEXÕES E SUPORTES, 100 MM | C63: m² | D63: 7 | E63: 7m
A64: 8.3 | B64: ='PLANILHA COLINA'!B72 -> FORNECIMENTO DE ESTRUTURA METÁLICA E ENGRADAMENTO METÁLICO, EM AÇO, SOBRE LAJE PARA TELHA CERÂMICA, COBERTURA PADRÃO DO PRÉDIO ESCOLAR, EXCLUSIVE TELHA, INCLUSIVE FABRICAÇÃO, TRANSPORTE, MONTAGEM, APLICAÇÃO DE FUNDO PREPARADOR ANTICORROSIVO, UMA (1) DEMÃO E PINTURA ESMALTE, DUAS (2) DEMÃOS | C64: m² | D64: 12 | E64: Estimativa para recomposição da estrutura metálica
A65: 8.4 | B65: ='PLANILHA COLINA'!B73 -> COBERTURA EM TELHA METÁLICA GALVANIZADA TRAPEZOIDAL, TIPO SIMPLES, ESP. 0,50MM, ACABAMENTO NATURAL, INCLUSIVE ACESSÓRIOS PARA FIXAÇÃO, FORNECIMENTO E INSTALAÇÃO | C65: m² | D65: =5.1*11.1 -> 56.61 | E65: 5,1 x 11,12
A66: 8.5 | B66: ='PLANILHA COLINA'!B74 -> MANTA ISOLANTE/TÉRMICA PARA TELHADO, EXCLUSIVE CONTACAIBRO | C66: m² | D66: =5.1*11.1 -> 56.61 | E66: 5,1 x 11,13
A67: 9.0 | B67: LIMPEZA FINAL DE OBRA
A68: 9.1 | B68: LIMPEZA FINAL PARA ENTREGA DA OBRA | C68: m² | D68: =147.81+37.69+24 -> 209.5 | E68: Área ETA: 147,81m² Depósito químico: 37,69m² Casa de preparo: 24,00 m²
A69: 9.2 | B69: RASTELEIRO COM ENCARGOS COMPLEMENTARES | C69: h | D69: 40 | E69: 40h para rastelo da área da ETA
B73: ________________________________________________ | D73: _________________________________________________
B74: JOÃO PEDRO SATHLER SILVA | D74: CARLOS AUGUSTO BONIFÁCIO PIRES FILHO
B75: CREA-MG: 295.720/D | D75: DIRETOR DO SAAE

Sheet COMPOSIÇÕES UNITÁRIAS
A1: COMPOSIÇÕES PRÓPRIAS
A5: Código | B5: Fonte | C5: FORNECIMENTO, FRETE E IÇAMENTO DE RESERVATÓRIO TUBULAR METÁLICO DE 100M³ | H5: Unidade | I5: Coeficiente | J5: Preço | K5: FRETE | L5: Total
A6: 1 | B6: COTAÇÃO | C6: KABUM! S.A. - CNPJ: 05.570.714/0001-59 | H6: Unidade | I6: 1 | J6: 568.75 | K6: 159.16 | L6: =K6+J6 -> 727.91 | M6: Link 1: https://www.kabum.com.br/produto/650677/motor-portao-rossi-nano-turbo-36-wifi-celular-600kg-220v?srsltid=AfmBOopvOdTxZpzfcL32rKINjH6-SND_vgf_fYeUZdj1fZsAVOh6wTCj61E
A7: 2 | B7: COTAÇÃO | C7: TUDO FORTE ELETRÔNICA - CNPJ: 17.666.002/0001-18 | H7: Unidade | I7: 1 | J7: 510 | K7: 131.71 | L7: =K7+J7 -> 641.71 | M7: Link 2: https://www.tudoforte.com.br/motor-de-portao/motor-de-portao-deslizante/kit-motor-completo/kit-motor-portao-rossi-dz-nano-turbo-600kg-14-deslizante-automatico-de-correr-eletronico-com-abertura-rapida-cremalheira?srsltid=AfmBOorMs2FDNxbw3DR7o6Pd30S-gAbdd9NrknXkQjb7fSs59pxOdfns
A8: 3 | B8: COTAÇÃO | C8: G5 RESERVATÓRIOS METÁLICOS CNPJ: 22.050.561/0001-38 | H8: Unidade | I8: 1 | J8: 599.9 | K8: 90 | L8: =K8+J8 -> 689.9 | M8: Link 3: https://www.magazineluiza.com.br/motor-residencial-dz-nano-turbo-wifi-app-celular-rossi-600kg-110v/p/cef87dj5k7/cj/aupo/?seller_id=takestore&srsltid=AfmBOopit-1ckYJh5P5RlMxW4p72c8RcSxDVAjjoFDsa3MkFM-0fdbRkAmU
C9: TOTAL | L9: =AVERAGE(L6:L8) -> 686.50667
C13: _________________________________________________
C14: João Pedro Sathler Silva | F14: Carlos Augusto Bonifácio Pires Filho
C15: Engenheiro Civil | F15: Secretário Municipal de Educação
C16: CREA-MG: 295.720/D

Sheet Planilha1
A1: 2 | B1: ITEM 1.1.2 | C1: MOBILIZAÇÃO E DESMOBILIZAÇÃO DE MAQUINÁRIO | L1: FU | M1: CHP | N1: CHI | O1: CUSTO TOTAL
B2: E9579 | C2: Caminhão basculante com capacidade de 10 m³ - 210 kW | L2: 1 | M2: 305,1531 | N2: 88.243 | O2: =M2+N2 -> 393.3961
B3: E9526 | C3: Retroescavadeira de pneus - capacidade da caçamba da pá-carregadeira de 0,76 m³ e da retroescavadeira de 0,29 m³ - 58 kW | L3: 1 | M3: 147,5235 | N3: 74.537 | O3: =M3+N3 -> 222.0605
B4: E9556 | C4: Compactador manual de placa vibratória - 3,00 kW | L4: 1 | M4: 6,9534 | N4: 0.9088 | O4: =M4+N4 -> 7.8622
B5: E9647 | C5: Compactador manual com soquete vibratório - 4,10 kW | L5: 1 | M5: 9,129 | N5: 1.0328 | O5: =M5+N5 -> 10.1618
C6: TOTAL | O6: =SUM(O2:O5) -> 633.4806
A7: Custos de Mobilização e desmobilização
G9: CMob = | I9: (282 x 2 x 1) | K9: 633.48 | M9: CMob = | N9: 5954.71
I11: 60
A14: CMob representa o custo de mobilização, em reais;
A15: DM representa a distância de mobilização, em quilômetros;
A16: K representa o fator relacionado à necessidade de retorno do veículo a sua origem;
A17: FU representa o fator de utilização do veículo transportador (Referencia na tabela do DNIT)
A18: V representa a velocidade média de transporte, em quilômetros por hora;
A19: CH representa o custo horário do veículo transportador, em reais por hora.

Sheet SINAPI 06-2023
A1: BANCO DE DADOS 1 - PREFEITURA MUNICIPAL DE MANHUAÇU
A2: REFERÊNCIA | B2: SINAPI | C2: MÊS REFERÊNCIA | D2: 45078
A4: CODIGO DA COMPOSICAO | B4: DESCRICAO DA COMPOSICAO | C4: UNIDADE | D4: ORIGEM DE PREÇO | E4: CUSTO TOTAL
A5: 97141 | B5: ASSENTAMENTO DE TUBO DE FERRO FUNDIDO PARA REDE DE ÁGUA, DN 80 MM, JUNTA ELÁSTICA, INSTALADO EM LOCAL COM NÍVEL ALTO DE INTERFERÊNCIAS (NÃO INCLUI FORNECIMENTO). AF_11/2017 | C5: M | D5: COEFICIENTE DE REPRESENTATIVIDADE | E5: 8.5
A6: 97142 | B6: ASSENTAMENTO DE TUBO DE FERRO FUNDIDO PARA REDE DE ÁGUA, DN 100 MM, JUNTA ELÁSTICA, INSTALADO EM LOCAL COM NÍVEL ALTO DE INTERFERÊNCIAS (NÃO INCLUI FORNECIMENTO). AF_11/2017 | C6: M | D6: COEFICIENTE DE REPRESENTATIVIDADE | E6: 9.44
A7: 97143 | B7: ASSENTAMENTO DE TUBO DE FERRO FUNDIDO PARA REDE DE ÁGUA, DN 150 MM, JUNTA ELÁSTICA, INSTALADO EM LOCAL COM NÍVEL ALTO DE INTERFERÊNCIAS (NÃO INCLUI FORNECIMENTO). AF_11/2017 | C7: M | D7: COEFICIENTE DE REPRESENTATIVIDADE | E7: 11.85
A8: 97144 | B8: ASSENTAMENTO DE TUBO DE FERRO FUNDIDO PARA REDE DE ÁGUA, DN 200 MM, JUNTA ELÁSTICA, INSTALADO EM LOCAL COM NÍVEL ALTO DE INTERFERÊNCIAS (NÃO INCLUI FORNECIMENTO). AF_11/2017 | C8: M | D8: COEFICIENTE DE REPRESENTATIVIDADE | E8: 14.24
A9: 97145 | B9: ASSENTAMENTO DE TUBO DE FERRO FUNDIDO PARA REDE DE ÁGUA, DN 250 MM, JUNTA ELÁSTICA, INSTALADO EM LOCAL COM NÍVEL ALTO DE INTERFERÊNCIAS (NÃO INCLUI FORNECIMENTO). AF_11/2017 | C9: M | D9: COEFICIENTE DE REPRESENTATIVIDADE | E9: 16.64
A10: 97146 | B10: ASSENTAMENTO DE TUBO DE FERRO FUNDIDO PARA REDE DE ÁGUA, DN 300 MM, JUNTA ELÁSTICA, INSTALADO EM LOCAL COM NÍVEL ALTO DE INTERFERÊNCIAS (NÃO INCLUI FORNECIMENTO). AF_11/2017 | C10: M | D10: COEFICIENTE DE REPRESENTATIVIDADE | E10: 19.05
A11: 97147 | B11: ASSENTAMENTO DE TUBO DE FERRO FUNDIDO PARA REDE DE ÁGUA, DN 350 MM, JUNTA ELÁSTICA, INSTALADO EM LOCAL COM NÍVEL ALTO DE INTERFERÊNCIAS (NÃO INCLUI FORNECIMENTO). AF_11/2017 | C11: M | D11: COEFICIENTE DE REPRESENTATIVIDADE | E11: 21.46
A12: 97148 | B12: ASSENTAMENTO DE TUBO DE FERRO FUNDIDO PARA REDE DE ÁGUA, DN 400 MM, JUNTA ELÁSTICA, INSTALADO EM LOCAL COM NÍVEL ALTO DE INTERFERÊNCIAS (NÃO INCLUI FORNECIMENTO). AF_11/2017 | C12: M | D12: COEFICIENTE DE REPRESENTATIVIDADE | E12: 23.87
A13: 97149 | B13: ASSENTAMENTO DE TUBO DE FERRO FUNDIDO PARA REDE DE ÁGUA, DN 450 MM, JUNTA ELÁSTICA, INSTALADO EM LOCAL COM NÍVEL ALTO DE INTERFERÊNCIAS (NÃO INCLUI FORNECIMENTO). AF_11/2017 | C13: M | D13: COEFICIENTE DE REPRESENTATIVIDADE | E13: 26.31
A14: 97150 | B14: ASSENTAMENTO DE TUBO DE FERRO FUNDIDO PARA REDE DE ÁGUA, DN 500 MM, JUNTA ELÁSTICA, INSTALADO EM LOCAL COM NÍVEL ALTO DE INTERFERÊNCIAS (NÃO INCLUI FORNECIMENTO). AF_11/2017 | C14: M | D14: COEFICIENTE DE REPRESENTATIVIDADE | E14: 32.99
A15: 97151 | B15: ASSENTAMENTO DE TUBO DE FERRO FUNDIDO PARA REDE DE ÁGUA, DN 600 MM, JUNTA ELÁSTICA, INSTALADO EM LOCAL COM NÍVEL ALTO DE INTERFERÊNCIAS (NÃO INCLUI FORNECIMENTO). AF_11/2017 | C15: M | D15: COEFICIENTE DE REPRESENTATIVIDADE | E15: 38.45
A16: 97152 | B16: ASSENTAMENTO DE TUBO DE FERRO FUNDIDO PARA REDE DE ÁGUA, DN 700 MM, JUNTA ELÁSTICA, INSTALADO EM LOCAL COM NÍVEL ALTO DE INTERFERÊNCIAS (NÃO INCLUI FORNECIMENTO). AF_11/2017 | C16: M | D16: COEFICIENTE DE REPRESENTATIVIDADE | E16: 43.7
... A7525: 101460 | B7525: VIGIA DIURNO COM ENCARGOS COMPLEMENTARES | C7525: MES | D7525: COEFICIENTE DE REPRESENTATIVIDADE | E7525: 3517.13

Sheet SETOP 04-2023
A1: BANCO DE DADOS 2 - PREFEITURA MUNICIPAL DE MANHUAÇU
A2: REFERÊNCIA | B2: SETOP | C2: MÊS REFERÊNCIA | D2: 45017
A4: CÓDIGO | B4: SETOP | C4: DESCRIÇÃO DO SERVIÇO | D4: UNIDADE | E4: CUSTO UNITÁRIO
A5: 8662 | C5: MOBILIZAÇÃO E DESMOBILIZAÇÃO DE OBRA
A6: 8700 | C6: OBRAS EM CENTRO URBANO OU REGIÃO LIMÍTROFE
A7: ED-50394 | C7: MOBILIZAÇÃO E DESMOBILIZAÇÃO DE OBRA EM CENTRO URBANO OU REGIÃO LIMÍTROFE COM VALOR ACIMA DE 3.000.000,01 | D7: % | E7: 0.2
A8: ED-50392 | C8: MOBILIZAÇÃO E DESMOBILIZAÇÃO DE OBRA EM CENTRO URBANO OU REGIÃO LIMÍTROFE COM VALOR ATÉ O VALOR DE 1.000.000,00 | D8: % | E8: 0.5
A9: ED-50393 | C9: MOBILIZAÇÃO E DESMOBILIZAÇÃO DE OBRA EM CENTRO URBANO OU REGIÃO LIMÍTROFE COM VALOR ENTRE 1.000.000,01 E 3.000.000,00 | D9: % | E9: 0.3
A10: 8701 | C10: OBRA DISTANTE DE CENTRO URBANO
A11: ED-50391 | C11: MOBILIZAÇÃO E DESMOBILIZAÇÃO OBRA DISTANTE DE CENTRO URBANO COM ACIMA DE 3.000.000,01 | D11: % | E11: 1
A12: ED-50390 | C12: MOBILIZAÇÃO E DESMOBILIZAÇÃO OBRA DISTANTE DE CENTRO URBANO COM ENTRE 1.000.000,01 E 3.000.000,00 | D12: % | E12: 1.5
A13: ED-50389 | C13: MOBILIZAÇÃO E DESMOBILIZAÇÃO OBRA DISTANTE DE CENTRO URBANO COM VALOR ATÉ O VALOR DE 1.000.000,00 | D13: % | E13: 2
A14: 8663 | C14: SERVIÇOS PRELIMINARES
A15: 8702 | C15: LIMPEZA DO TERRENO
A16: ED-50701 | C16: CAPINA MANUAL DO TERRENO, EXCLUSIVE RASTELAMENTO E QUEIMA | D16: m2 | E16: 1.31
A17: ED-28163 | C17: DESTOCAMENTO E AFASTAMENTO DE REMANESCENTE ARBÓREO, INCLUSIVE TRANSPORTE E RETIRADA DO MATERIAL ESCAVADO (EM CAÇAMBA) | D17: un | E17: 403.61
A18: ED-50703 | C18: LIMPEZA DE TERRENO, INCLUSIVE CAPINA, RASTELAMENTO COM AFASTAMENTO ATÉ VINTE (20) METROS E QUEIMA CONTROLADA | D18: m2 | E18: 2.32
A19: ED-8143 | C19: RASTELAMENTO DE ÁREA COM AFASTAMENTO DE ATÉ VINTE (20) METROS, EXCLUSIVE CAPINA OU ROÇADA MANUAL | D19: m2 | E19: 0.87
A20: ED-28162 | C20: ROÇADA MANUAL DE TERRENO COM ROÇADEIRA COSTAL, EXCLUSIVE RASTELAMENTO E QUEIMA | D20: m2 | E20: 0.19
A21: 8703 | C21: DESMATAMENTO E DESTOCAMENTO
A22: ED-50702 | C22: DESMATAMENTO, DESTOCAMENTO E LIMPEZA, INCLUSIVE TRANSPORTE ATÉ CINQUENTA (50) METROS | D22: m2 | E22: 0.51
A23: 8704 | C23: SUPRESSÃO DE ÁRVORE
A24: ED-50699 | C24: CORTE DE ÁRVORE COM MOTOSSERRA, DIÂMETRO DO TRONCO ACIMA DE TRINTA (30) CENTÍMETROS ATÉ CINQUENTA (50) CENTÍMETROS, EXCLUSIVE DESTOCAMENTO E AFASTAMENTO | D24: un | E24: 90.19
A25: ED-50697 | C25: CORTE DE ÁRVORE COM MOTOSSERRA, DIÂMETRO DO TRONCO DE QUINZE (15) CENTÍMETROS ATÉ TRINTA (30) CENTÍMETROS, EXCLUSIVE DESTOCAMENTO E AFASTAMENTO | D25: un | E25: 54.11
A26: 8706 | C26: REMOÇÃO DE TELHADO
A27: ED-48438 | C27: REMOÇÃO DE CALHA EM CHAPA GALVANIZADA OU EM PVC, COM REAPROVEITAMENTO, INCLUSIVE AFASTAMENTO E EMPILHAMENTO, EXCLUSIVE TRANSPORTE E RETIRADA DO MATERIAL REMOVIDO NÃO REAPROVEITÁVEL | D27: m | E27: 4.6
A28: ED-48446 | C28: REMOÇÃO MANUAL DE CONDUTOR EM PVC OU METÁLICO, COM REAPROVEITAMENTO, INCLUSIVE AFASTAMENTO E EMPILHAMENTO, EXCLUSIVE TRANSPORTE E RETIRADA DO MATERIAL REMOVIDO NÃO REAPROVEITÁVEL | D28: m | E28: 5.5
A29: ED-48455 | C29: REMOÇÃO MANUAL DE ENGRADAMENTO PARA TELHA TIPO CALHA ESTRUTURAL EM FIBROCIMENTO, COM REAPROVEITAMENTO, INCLUSIVE AFASTAMENTO E EMPILHAMENTO, EXCLUSIVE TRANSPORTE E RETIRADA DO MATERIAL REMOVIDO NÃO REAPROVEITÁVEL | D29: m2 | E29: 11.12
A30: ED-48457 | C30: REMOÇÃO MANUAL DE ENGRADAMENTO PARA TELHA TIPO CERÂMICA OU CONCRETO, INCLUSIVE AFASTAMENTO E EMPILHAMENTO, EXCLUSIVE TRANSPORTE E RETIRADA DO MATERIAL REMOVIDO NÃO REAPROVEITÁVEL | D30: m2 | E30: 22.25
A31: ED-48454 | C31: REMOÇÃO MANUAL DE ENGRADAMENTO PARA TELHA TIPO METÁLICA, PVC OU FIBROCIMENTO, COM REAPROVEITAMENTO, INCLUSIVE AFASTAMENTO E EMPILHAMENTO, EXCLUSIVE TRANSPORTE E RETIRADA DO MATERIAL REMOVIDO NÃO REAPROVEITÁVEL | D31: m2 | E31: 14.83
A32: ED-48506 | C32: REMOÇÃO MANUAL DE RUFO METÁLICO, COM REAPROVEITAMENTO, INCLUSIVE AFASTAMENTO E EMPILHAMENTO, EXCLUSIVE TRANSPORTE E RETIRADA DO MATERIAL REMOVIDO NÃO REAPROVEITÁVEL | D32: m | E32: 6.76
A33: ED-48512 | C33: REMOÇÃO MANUAL DE TELHA EM FIBROCIMENTO, TIPO ONDULADA, COM REAPROVEITAMENTO, INCLUSIVE AFASTAMENTO E EMPILHAMENTO, EXCLUSIVE TRANSPORTE E RETIRADA DO MATERIAL REMOVIDO NÃO REAPROVEITÁVEL | D33: m2 | E33: 12.71
A34: ED-48514 | C34: REMOÇÃO MANUAL DE TELHA CERÂMICA, COM REAPROVEITAMENTO, INCLUSIVE AFASTAMENTO E EMPILHAMENTO, EXCLUSIVE TRANSPORTE E RETIRADA DO MATERIAL REMOVIDO NÃO REAPROVEITÁVEL | D34: m2 | E34: 23.9
A35: ED-48510 | C35: REMOÇÃO MANUAL DE TELHA EM FIBROCIMENTO, TIPO CALHA ESTRUTURAL, COM REAPROVEITAMENTO, INCLUSIVE IÇAMENTO, AFASTAMENTO E EMPILHAMENTO, EXCLUSIVE TRANSPORTE E RETIRADA DO MATERIAL REMOVIDO NÃO REAPROVEITÁVEL | D35: m2 | E35: 24.23
A36: ED-48509 | C36: REMOÇÃO MANUAL DE TELHA METÁLICA OU PVC, COM REAPROVEITAMENTO, INCLUSIVE AFASTAMENTO E EMPILHAMENTO, EXCLUSIVE TRANSPORTE E RETIRADA DO MATERIAL REMOVIDO NÃO REAPROVEITÁVEL | D36: m2 | E36: 8.9
A37: 8707 | C37: DEMOLIÇÃO E REMOÇÃO DE INSTALAÇÃO
A38: ED-48500 | C38: DEMOLIÇÃO MANUAL DE TUBULAÇÕES EMBUTIDAS DE REDE (ÁGUA, ELÉTRICA, GASES, ETC.), INCLUSIVE RASGO EM ALVENARIA, REMOÇÃO DE ACESSÓRIOS DE FIXAÇÃO, AFASTAMENTO E EMPILHAMENTO, EXCLUSIVE TRANSPORTE E RETIRADA DO MATERIAL DEMOLIDO | D38: m | E38: 8.24
A39: ED-48466 | C39: REMOÇÃO MANUAL DE INTERFONE, COM REAPROVEITAMENTO, INCLUSIVE AFASTAMENTO E EMPILHAMENTO, EXCLUSIVE TRANSPORTE E RETIRADA DO MATERIAL REMOVIDO NÃO REAPROVEITÁVEL | D39: un | E39: 43.59
A40: ED-48468 | C40: REMOÇÃO MANUAL DE LUMINÁRIA COMERCIAL, EMBUTIDA OU SOBREPOR, COM REAPROVEITAMENTO, INCLUSIVE AFASTAMENTO E EMPILHAMENTO, EXCLUSIVE TRANSPORTE E RETIRADA DO MATERIAL REMOVIDO NÃO REAPROVEITÁVEL | D40: un | E40: 10.5
A41: ED-48469 | C41: REMOÇÃO MANUAL DE LUMINÁRIA COMPACTA (PLAFON, PAINEL LED, ETC.) EMBUTIDA OU SOBREPOR, COM REAPROVEITAMENTO, INCLUSIVE AFASTAMENTO E EMPILHAMENTO, EXCLUSIVE TRANSPORTE E RETIRADA DO MATERIAL REMOVIDO NÃO REAPROVEITÁVEL | D41: un | E41: 6.12
A42: ED-48499 | C42: REMOÇÃO MANUAL DE REDES DE DUTOS PARA CLIMATIZAÇÃO, INCLUSIVE AFASTAMENTO E EMPILHAMENTO, EXCLUSIVE TRANSPORTE E RETIRADA DO MATERIAL REMOVIDO NÃO REAPROVEITÁVEL | D42: m | E42: 9.16
A43: ED-48515 | C43: REMOÇÃO MANUAL DE TUBULAÇÕES EMBUTIDAS DE REDE (ÁGUA, ELÉTRICA, GASES, ETC.), COM REAPROVEITAMENTO, INCLUSIVE RASGO EM ALVENARIA, REMOÇÃO DE ACESSÓRIOS DE FIXAÇÃO, AFASTAMENTO E EMPILHAMENTO, EXCLUSIVE TRANSPORTE E RETIRADA DO MATERIAL REMOVIDO NÃO REAPROVEITÁVEL | D43: m | E43: 11.89
A44: 8708 | C44: DEMOLIÇÃO DE FORRO
A45: ED-48463 | C45: DEMOLIÇÃO MANUAL DE FORRO DE CHAPA OU PLACA DE GESSO, INCLUSIVE DEMOLIÇÃO DA ESTRUTURA DE SUSTENTAÇÃO, AFASTAMENTO E EMPILHAMENTO, EXCLUSIVE TRANSPORTE E RETIRADA DO MATERIAL DEMOLIDO | D45: m2 | E45: 5.46
A46: 8709 | C46: REMOÇÃO DE FORRO
A47: ED-48460 | C47: REMOÇÃO MANUAL DE FORRO DE PLACAS (GESSO, MINERAL, FIBRA, ISOPOR, COLMEIA, PVC, ETC.), COM REAPROVEITAMENTO, INCLUSIVE AFASTAMENTO E EMPILHAMENTO, EXCLUSIVE DEMOLIÇÃO DA ESTRUTURA DE SUSTENTAÇÃO, TRANSPORTE E RETIRADA DO MATERIAL REMOVIDO NÃO REAPROVEITÁVEL | D47: m2 | E47: 2.06
A48: ED-48459 | C48: REMOÇÃO MANUAL DE FORRO DE PLACAS (GESSO, MINERAL, FIBRA, ISOPOR, COLMEIA, PVC, ETC.), COM REAPROVEITAMENTO, INCLUSIVE DEMOLIÇÃO ESTRUTURA DE SUSTENTAÇÃO, AFASTAMENTO E EMPILHAMENTO, EXCLUSIVE TRANSPORTE E RETIRADA DO MATERIAL REMOVIDO NÃO REAPROVEITÁVEL | D48: m2 | E48: 6.18
A49: ED-48464 | C49: REMOÇÃO MANUAL DE FORRO DE TÁBUAS DE PINHO, COM REAPROVEITAMENTO, INCLUSIVE AFASTAMENTO E EMPILHAMENTO, EXCLUSIVE REMOÇÃO DA ESTRUTURA DE SUSTENTAÇÃO, TRANSPORTE E RETIRADA DO MATERIAL REMOVIDO NÃO REAPROVEITÁVEL | D49: m2 | E49: 9.75
A50: ED-28355 | C50: REMOÇÃO MANUAL ESTRUTURA OU TRAMA DE SUSTENTAÇÃO DE MADEIRA OU METÁLICA PARA FORRO, COM REAPROVEITAMENTO, INCLUSIVE AFASTAMENTO E EMPILHAMENTO, EXCLUSIVE TRANSPORTE E RETIRADA DO MATERIAL REMOVIDO NÃO REAPROVEITÁVEL | D50: m2 | E50: 4.12
A51: 8710 | C51: REMOÇÃO DE ESQUADRIA
A52: ED-48496 | C52: REMOÇÃO MANUAL DE CONJUNTO DE ALIZARES, COM REAPROVEITAMENTO, INCLUSIVE AFASTAMENTO E EMPILHAMENTO, EXCLUSIVE TRANSPORTE E RETIRADA DO MATERIAL REMOVIDO NÃO REAPROVEITÁVEL | D52: cj | E52: 3.45
A53: ED-48458 | C53: REMOÇÃO MANUAL DE CONJUNTO DE FERRAGENS (DOBRADIÇAS, FECHADURA E MAÇANETAS), COM REAPROVEITAMENTO, INCLUSIVE AFASTAMENTO E EMPILHAMENTO, EXCLUSIVE TRANSPORTE E RETIRADA DO MATERIAL REMOVIDO NÃO REAPROVEITÁVEL | D53: un | E53: 21.19
A54: ED-48493 | C54: REMOÇÃO MANUAL DE ESQUADRIA EM MADEIRA, COM REAPROVEITAMENTO, INCLUSIVE REMOÇÃO DE MARCO/ALIZAR/GUARNIÇÕES, AFASTAMENTO E EMPILHAMENTO, EXCLUSIVE TRANSPORTE E RETIRADA DO MATERIAL REMOVIDO NÃO REAPROVEITÁVEL | D54: m2 | E54: 13.2
A55: ED-48497 | C55: REMOÇÃO MANUAL DE ESQUADRIA METÁLICA, COM REAPROVEITAMENTO, INCLUSIVE MARCO/ALIZAR/GUARNIÇÕES, AFASTAMENTO E EMPILHAMENTO, EXCLUSIVE TRANSPORTE E RETIRADA DO MATERIAL REMOVIDO NÃO REAPROVEITÁVEL | D55: m2 | E55: 18.33
A56: ED-48494 | C56: REMOÇÃO MANUAL DE FOLHA DE PORTA OU JANELA DE MADEIRA OU METÁLICA, COM REAPROVEITAMENTO, INCLUSIVE AFASTAMENTO E EMPILHAMENTO, EXCLUSIVE TRANSPORTE E RETIRADA DO MATERIAL REMOVIDO NÃO REAPROVEITÁVEL | D56: m2 | E56: 8.91
A57: ED-48495 | C57: REMOÇÃO MANUAL DE MARCO EM MADEIRA OU METÁLICO, COM REAPROVEITAMENTO, INCLUSIVE AFASTAMENTO E EMPILHAMENTO, EXCLUSIVE TRANSPORTE E RETIRADA DO MATERIAL REMOVIDO NÃO REAPROVEITÁVEL | D57: un | E57: 17.97
A58: 8711 | C58: DEMOLIÇÃO DE IMPERMEABILIZAÇÃO
A59: ED-48465 | C59: DEMOLIÇÃO MANUAL DE IMPERMEABILIZAÇÃO E PROTEÇÃO MECÂNICA, INCLUSIVE AFASTAMENTO E EMPILHAMENTO, EXCLUSIVE TRANSPORTE E RETIRADA DO MATERIAL DEMOLIDO | D59: m2 | E59: 27.28
A60: 8712 | C60: REMOÇÃO DE LOUÇA E ACESSÓRIOS
A61: ED-48467 | C61: REMOÇÃO DE LOUÇAS (LAVATÓRIO, BANHEIRA, PIA, VASO SANITÁRIO, TANQUE), COM REAPROVEITAMENTO, INCLUSIVE AFASTAMENTO E EMPILHAMENTO, EXCLUSIVE TRANSPORTE E RETIRADA DO MATERIAL REMOVIDO NÃO REAPROVEITÁVEL | D61: un | E61: 42.58
A62: ED-48470 | C62: REMOÇÃO MANUAL DE METAIS COMUNS E ACABAMENTOS (TORNEIRA, ACABAMENTO PARA REGISTRO, SIFÃO, ENGATE FLEXÍVEL, ETC.), COM REAPROVEITAMENTO, INCLUSIVE AFASTAMENTO E EMPILHAMENTO, EXCLUSIVE TRANSPORTE E RETIRADA DO MATERIAL REMOVIDO NÃO REAPROVEITÁVEL | D62: un | E62: 6.35
A63: ED-48471 | C63: REMOÇÃO MANUAL DE METAIS EMBUTIDOS (BASE DE REGISTRO, VÁLVULA DE DESCARGA, TORNEIRA ANTIVANDALISMO, ETC.), COM REAPROVEITAMENTO, INCLUSIVE AFASTAMENTO E EMPILHAMENTO, EXCLUSIVE TRANSPORTE E RETIRADA DO MATERIAL REMOVIDO NÃO REAPROVEITÁVEL | D63: un | E63: 20.22
A64: 8713 | C64: DEMOLIÇÃO E REMOÇÃO DE DIVISÓRIA E BANCADA
A65: ED-48452 | C65: DEMOLIÇÃO MANUAL DE ALVENARIA/DIVISÓRIA DE ELEMENTOS VAZADOS (COBOGÓ, ETC. ), INCLUSIVE AFASTAMENTO E EMPILHAMENTO, EXCLUSIVE TRANSPORTE E RETIRADA DO MATERIAL DEMOLIDO | D65: m2 | E65: 17.36
A66: ED-48453 | C66: DEMOLIÇÃO MANUAL DE DIVISÓRIA COMERCIAL EM LAMINADO, INCLUSIVE AFASTAMENTO E EMPILHAMENTO, EXCLUSIVE TRANSPORTE E RETIRADA DO MATERIAL DEMOLIDO | D66: m2 | E66: 7.01
A67: ED-8024 | C67: DEMOLIÇÃO MANUAL DE DIVISÓRIA DE MADEIRA, INCLUSIVE AFASTAMENTO E EMPILHAMENTO, EXCLUSIVE TRANSPORTE E RETIRADA DO MATERIAL DEMOLIDO | D67: m2 | E67: 10.7
A68: ED-48437 | C68: REMOÇÃO MANUAL DE BANCADA DE PEDRA (MÁRMORE, GRANITO, ARDÓSIA, MARMORITE, ETC.), COM REAPROVEITAMENTO, INCLUSIVE RASGO EM ALVENARIA, REMOÇÃO DE ACESSÓRIOS DE FIXAÇÃO, AFASTAMENTO E EMPILHAMENTO, EXCLUSIVE TRANSPORTE E RETIRADA DO MATERIAL REMOVIDO NÃO REAPROVEITÁVEL | D68: m2 | E68: 53.08
A69: ED-28348 | C69: REMOÇÃO MANUAL DE DIVISÓRIA EM PEDRA (MÁRMORE, GRANITO, ARDÓSIA, MARMORITE, ETC.), COM REAPROVEITAMENTO, INCLUSIVE RASGO EM ALVENARIA, REMOÇÃO DE ACESSÓRIOS DE FIXAÇÃO, AFASTAMENTO E EMPILHAMENTO, EXCLUSIVE TRANSPORTE E RETIRADA DO MATERIAL REMOVIDO NÃO REAPROVEITÁVEL | D69: m2 | E69: 44.31
A70: 8714 | C70: DEMOLIÇÃO DE ALVENARIA
A71: ED-48436 | C71: DEMOLIÇÃO MANUAL DE ALVENARIA DE TIJOLO CERÂMICO MACIÇO, INCLUSIVE AFASTAMENTO E EMPILHAMENTO, EXCLUSIVE TRANSPORTE E RETIRADA DO MATERIAL DEMOLIDO | D71: m3 | E71: 150.03
A72: ED-48435 | C72: DEMOLIÇÃO MANUAL DE ALVENARIA DE TIJOLO CERÂMICO OU BLOCO DE CONCRETO, INCLUSIVE AFASTAMENTO E EMPILHAMENTO, EXCLUSIVE TRANSPORTE E RETIRADA DO MATERIAL DEMOLIDO | D72: m3 | E72: 103.14
A73: ED-28338 | C73: DEMOLIÇÃO MANUAL DE CONSTRUÇÃO EM ALVENARIAS DE VEDAÇÃO, COM ESPESSURA MÁXIMA DE 15CM, INCLUSIVE REMOÇÃO COM REAPROVEITAMENTO DE ESQUADRIAS, AFASTAMENTO E EMPILHAMENTO, EXCLUSIVE TRANSPORTE E RETIRADA DO MATERIAL DEMOLIDO/REMOVIDO NÃO REAPROVEITÁVEL | D73: m2 | E73: 16.4
A74: 8715 | C74: DEMOLIÇÃO DE CONCRETO
A75: ED-48441 | C75: DEMOLIÇÃO MANUAL DE CONCRETO ARMADO, INCLUSIVE AFASTAMENTO E EMPILHAMENTO, EXCLUSIVE TRANSPORTE E RETIRADA DO MATERIAL DEMOLIDO | D75: m3 | E75: 471.52
A76: ED-48440 | C76: DEMOLIÇÃO MANUAL DE CONCRETO, SEM ARMAÇÃO, INCLUSIVE AFASTAMENTO E EMPILHAMENTO, EXCLUSIVE TRANSPORTE E RETIRADA DO MATERIAL DEMOLIDO | D76: m3 | E76: 285.77
A77: ED-48443 | C77: DEMOLIÇÃO MECANIZADA DE CONCRETO ARMADO, COM EQUIPAMENTO ELÉTRICO, INCLUSIVE AFASTAMENTO E EMPILHAMENTO, EXCLUSIVE TRANSPORTE E RETIRADA DO MATERIAL DEMOLIDO | D77: m3 | E77: 241.63
A78: ED-48445 | C78: DEMOLIÇÃO MECANIZADA DE CONCRETO ARMADO, COM EQUIPAMENTO PNEUMÁTICO, INCLUSIVE AFASTAMENTO E EMPILHAMENTO, EXCLUSIVE TRANSPORTE E RETIRADA DO MATERIAL DEMOLIDO | D78: m3 | E78: 293.84
A79: ED-48442 | C79: DEMOLIÇÃO MECANIZADA DE CONCRETO, SEM ARMAÇÃO, COM EQUIPAMENTO ELÉTRICO, INCLUSIVE AFASTAMENTO E EMPILHAMENTO, EXCLUSIVE TRANSPORTE E RETIRADA DO MATERIAL DEMOLIDO | D79: m3 | E79: 148.69
A80: ED-48444 | C80: DEMOLIÇÃO MECANIZADA DE CONCRETO, SEM ARMAÇÃO, COM EQUIPAMENTO PNEUMÁTICO, INCLUSIVE AFASTAMENTO E EMPILHAMENTO, EXCLUSIVE TRANSPORTE E RETIRADA DO MATERIAL DEMOLIDO | D80: m3 | E80: 180.34
A81: 8716 | C81: REMOÇÃO DE PADRÃO CONCESSIONÁRIA
A82: ED-48475 | C82: REMOÇÃO MANUAL DE PADRÃO DE ENTRADA DE ÁGUA, COM REAPROVEITAMENTO, INCLUSIVE AFASTAMENTO E EMPILHAMENTO, EXCLUSIVE TRANSPORTE E RETIRADA DO MATERIAL REMOVIDO NÃO REAPROVEITÁVEL | D82: un | E82: 97.34
A83: ED-48474 | C83: REMOÇÃO MANUAL DE PADRÃO DE ENTRADA DE ENERGIA, COM REAPROVEITAMENTO, INCLUSIVE AFASTAMENTO E EMPILHAMENTO, EXCLUSIVE TRANSPORTE E RETIRADA DO MATERIAL REMOVIDO NÃO REAPROVEITÁVEL | D83: un | E83: 245.12
A84: 8717 | C84: DEMOLIÇÃO E REMOÇÃO DE PAVIMENTAÇÃO
A85: ED-48487 | C85: DEMOLIÇÃO MANUAL DE LAJE DE CONCRETO ARMADO, COM ESPESSURA DE ATÉ 15CM, INCLUSIVE AFASTAMENTO E EMPILHAMENTO, EXCLUSIVE TRANSPORTE E RETIRADA DO MATERIAL DEMOLIDO | D85: m2 | E85: 41.25
A86: ED-48507 | C86: DEMOLIÇÃO MANUAL DE SARJETA OU SARJETÃO DE CONCRETO, INCLUSIVE AFASTAMENTO E EMPILHAMENTO, EXCLUSIVE TRANSPORTE E RETIRADA DO MATERIAL DEMOLIDO | D86: m2 | E86: 10.3
A87: ED-48489 | C87: DEMOLIÇÃO MECANIZADA DE LAJE DE CONCRETO ARMADO, COM ESPESSURA DE ATÉ 15CM, , COM EQUIPAMENTO ELÉTRICO, INCLUSIVE AFASTAMENTO E EMPILHAMENTO, EXCLUSIVE TRANSPORTE E RETIRADA DO MATERIAL DEMOLIDO | D87: m2 | E87: 21.91
A88: ED-48486 | C88: DEMOLIÇÃO MECANIZADA DE LAJE DE CONCRETO ARMADO, COM ESPESSURA DE ATÉ 15CM, , COM EQUIPAMENTO PNEUMÁTICO, INCLUSIVE AFASTAMENTO E EMPILHAMENTO, EXCLUSIVE TRANSPORTE E RETIRADA DO MATERIAL DEMOLIDO | D88: m2 | E88: 26.2
A89: ED-48492 | C89: DEMOLIÇÃO MECANIZADA DE REVESTIMENTO ASFÁLTICO, COM EQUIPAMENTO PNEUMÁTICO, INCLUSIVE AFASTAMENTO E EMPILHAMENTO, EXCLUSIVE TRANSPORTE E RETIRADA DO MATERIAL DEMOLIDO | D89: m2 | E89: 8.77
A90: ED-48490 | C90: REMOÇÃO MANUAL DE ALVENARIA POLIÉDRICA, COM REAPROVEITAMENTO, INCLUSIVE AFASTAMENTO E EMPILHAMENTO, EXCLUSIVE TRANSPORTE E RETIRADA DO MATERIAL REMOVIDO NÃO REAPROVEITÁVEL | D90: m2 | E90: 14.17
A91: ED-48488 | C91: REMOÇÃO MANUAL DE CALÇADA PORTUGUESA, COM REAPROVEITAMENTO, INCLUSIVE AFASTAMENTO E EMPILHAMENTO, EXCLUSIVE TRANSPORTE E RETIRADA DO MATERIAL REMOVIDO NÃO REAPROVEITÁVEL | D91: m2 | E91: 8.55
A92: ED-48473 | C92: REMOÇÃO MANUAL DE GUIA DE MEIO-FIO EM PEDRA (GNAISSE, BASALTO, ETC.), COM REAPROVEITAMENTO, INCLUSIVE AFASTAMENTO E EMPILHAMENTO, EXCLUSIVE TRANSPORTE E RETIRADA DO MATERIAL REMOVIDO NÃO REAPROVEITÁVEL | D92: m | E92: 20.62
A93: ED-48472 | C93: REMOÇÃO MANUAL DE GUIA DE MEIO-FIO PRÉ-MOLDADA EM CONCRETO, COM REAPROVEITAMENTO, INCLUSIVE AFASTAMENTO E EMPILHAMENTO, EXCLUSIVE TRANSPORTE E RETIRADA DO MATERIAL REMOVIDO NÃO REAPROVEITÁVEL | D93: m | E93: 11
A94: ED-48476 | C94: REMOÇÃO MANUAL DE PAVIMENTAÇÃO INTERTRAVADA OU SEXTAVADO EM PRÉ-MOLDADO DE CONCRETO, COM REAPROVEITAMENTO, INCLUSIVE AFASTAMENTO E EMPILHAMENTO, EXCLUSIVE TRANSPORTE E RETIRADA DO MATERIAL REMOVIDO NÃO REAPROVEITÁVEL | D94: m2 | E94: 14.17
A95: ED-48491 | C95: REMOÇÃO MANUAL DE PAVIMENTO PARALELEPÍPEDO, COM REAPROVEITAMENTO, INCLUSIVE AFASTAMENTO E EMPILHAMENTO, EXCLUSIVE TRANSPORTE E RETIRADA DO MATERIAL REMOVIDO NÃO REAPROVEITÁVEL | D95: m2 | E95: 15.75
A96: 8718 | C96: DEMOLIÇÃO E REMOÇÃO DE REVESTIMENTO
A97: ED-48504 | C97: DEMOLIÇÃO MANUAL DE LAMINADO MELAMÍNICO EM SUPERFÍCIE DE MADEIRA OU PAREDE, INCLUSIVE AFASTAMENTO E EMPILHAMENTO, EXCLUSIVE TRANSPORTE E RETIRADA DO MATERIAL DEMOLIDO | D97: m2 | E97: 10.3
A98: ED-48501 | C98: DEMOLIÇÃO MANUAL DE REBOCO OU EMBOÇO, COM ESPESSURA DE ATÉ 55MM, INCLUSIVE AFASTAMENTO E EMPILHAMENTO, EXCLUSIVE TRANSPORTE E RETIRADA DO MATERIAL DEMOLIDO | D98: m2 | E98: 9.81
A99: ED-48502 | C99: DEMOLIÇÃO MANUAL DE REVESTIMENTO CERÂMICO, AZULEJO OU LADRILHO HIDRÁULICO, INCLUSIVE AFASTAMENTO E EMPILHAMENTO, EXCLUSIVE DEMOLIÇÃO DO REBOCO OU EMBOÇO, TRANSPORTE E RETIRADA DO MATERIAL DEMOLIDO | D99: m2 | E99: 20.45
A100: ED-48503 | C100: DEMOLIÇÃO MANUAL DE REVESTIMENTO DE PEDRA (MÁRMORE, GRANITO, ARDÓSIA, ETC.), INCLUSIVE AFASTAMENTO E EMPILHAMENTO, EXCLUSIVE DEMOLIÇÃO DO REBOCO OU EMBOÇO, TRANSPORTE E RETIRADA DO MATERIAL DEMOLIDO | D100: m2 | E100: 24.55
A101: ED-48478 | C101: REMOÇÃO MANUAL DE PEITORIL DE MÁRMORE OU GRANITO, COM REAPROVEITAMENTO, INCLUSIVE AFASTAMENTO E EMPILHAMENTO, EXCLUSIVE TRANSPORTE E RETIRADA DO MATERIAL REMOVIDO NÃO REAPROVEITÁVEL | D101: m | E101: 8.05
...

Sheet SUDECAP 05-2023
A1: BANCO DE DADOS 3 - PREFEITURA MUNICIPAL DE MANHUAÇU
A2: REFERÊNCIA | B2: SUDECAP | C2: MÊS REFERÊNCIA | D2: 45047
A4: CODIGO | C4: DESCRIÇÃO | L4: UNIDADE | M4: CUSTO UNITÁRIO
A5: 01 | C5: INSTALAÇAO DA OBRA
A6: 01.01 | B6: SUDECAP | C6: ESCRITORIO DE OBRA
A7: 01.01.07 | B7: SUDECAP | C7: ESCRITORIO DA FISCALIZAÇAO TIPO I | L7: UN | M7: 8498.22
A8: 01.01.09 | B8: SUDECAP | C8: ESCRITORIO DE FISCALIZAÇAO TIPO II | L8: UN | M8: 10014.45
A9: 01.01.12 | B9: SUDECAP | C9: ESCRITORIO DA EMPREITEIRA TIPO II | L9: UN | M9: 10014.45
A10: 01.02 | B10: SUDECAP | C10: BARRACAO DE OBRA
A11: 01.02.06 | B11: SUDECAP | C11: VESTIARIO TIPO I | L11: UN | M11: 6868.28
A12: 01.02.07 | B12: SUDECAP | C12: VESTIARIO TIPO II | L12: UN | M12: 13843.28
A13: 01.02.08 | B13: SUDECAP | C13: VESTIARIO TIPO III | L13: UN | M13: 18378.78
A14: 01.02.11 | B14: SUDECAP | C14: AREA COBERTA EM TELHA ONDULADA DE FIBROCIMENTO 4MM | L14: M2 | M14: 84.59
A15: 01.02.12 | B15: SUDECAP | C15: DEPOSITO E FERRAMENTARIA TIPO I | L15: UN | M15: 5731.39
A16: 01.02.13 | B16: SUDECAP | C16: DEPOSITO E FERRAMENTARIA TIPO II | L16: UN | M16: 8750.24
A17: 01.02.14 | B17: SUDECAP | C17: DEPOSITO E FERRAMENTARIA TIPO III | L17: UN | M17: 11823.94
A18: 01.02.15 | B18: SUDECAP | C18: DEPOSITO DE MATERIAIS ENSACADOS | L18: UN | M18: 4106.47
A19: 01.02.20 | B19: SUDECAP | C19: INSTALAÇAO SANITARIA TIPO I | L19: UN | M19: 7015.59
A20: 01.02.21 | B20: SUDECAP | C20: INSTALAÇAO SANITARIA TIPO II | L20: UN | M20: 8668.09
A21: 01.02.22 | B21: SUDECAP | C21: INSTALAÇAO SANITARIA TIPO III | L21: UN | M21: 12324.11
A22: 01.02.25 | B22: SUDECAP | C22: REFEITORIO TIPO I | L22: UN | M22: 5570.63
A23: 01.02.26 | B23: SUDECAP | C23: REFEITORIO TIPO II | L23: UN | M23: 6297.96
A24: 01.03 | B24: SUDECAP | C24: PLACA DE OBRA AFIXADA COM PEÇAS DE MADEIRA
A25: 01.03.01 | B25: SUDECAP | C25: 3,00 X 2,00 M EM LONA IMPRESSAO DIGITAL P.SUDECAP | L25: UN | M25: 1636
A26: 01.03.02 | B26: SUDECAP | C26: PLACA DE OBRA EM LONA IMPRESSAO DIGITAL P. SUDECAP | L26: M2 | M26: 213.65
A27: 01.03.03 | B27: SUDECAP | C27: PLACA DE OBRA EM CHAPA GALVANIZADA ADESIVADA, DIMENSÕES 2,40 X 1,20 M, PADRÃO CEF | L27: M2 | M27: 277.07
A28: 01.04 | B28: SUDECAP | C28: TAPUME PADRAO SUDECAP (TIPO I, II E III)
A29: 01.04.01 | B29: SUDECAP | C29: COMPENSADO 10MM FIXAÇAO ENTERRADA COM INFORME PBH | L29: M | M29: 111.18
A30: 01.04.02 | B30: SUDECAP | C30: COMPENSADO 10MM FIXAÇAO ENTERRADA SEM INFORME PBH | L30: M | M30: 111.18
A31: 01.04.03 | B31: SUDECAP | C31: COMPENSADO 10MM COM BASE DE CONCRETO C/INFORME PBH | L31: M | M31: 114.39
A32: 01.04.04 | B32: SUDECAP | C32: COMPENSADO 10MM COM BASE DE CONCRETO S/INFORME PBH | L32: M | M32: 114.39
A33: 01.04.05 | B33: SUDECAP | C33: INFORME PUBLIC.LONA IMP.DIGITAL APLICADO EM TAPUME | L33: M2 | M33: 60.73
A34: 01.04.06 | B34: SUDECAP | C34: DE TELA GALVANIZADA #2" FIO 14 C/FIXAÇAO ENTERRADA | L34: M | M34: 61.08
A35: 01.04.07 | B35: SUDECAP | C35: DE TELA GALVANIZADA #2" FIO 14 C/BASE DE CONCRETO | L35: M | M35: 66.17
A36: 01.04.09 | B36: SUDECAP | C36: TELA-TAPUME DE POLIPROPILENO H= 1,20 M, INCL. BASE | L36: M | M36: 11.86
A37: 01.04.10 | B37: SUDECAP | C37: PROTEÇAO COM FITA ZEBRADA AMARELA L=7CM E PEÇA 7X7 | L37: M | M37: 8.33
A38: 01.04.11 | B38: SUDECAP | C38: FITA ZEBRADA AMARELA PARA SINALIZAÇAO L= 7CM | L38: M | M38: 3.33
A39: 01.04.16 | B39: SUDECAP | C39: TAPUME METÁLICO COM BASE DE CONCRETO (M) | L39: M | M39: 117.09
A40: 01.04.17 | B40: SUDECAP | C40: TAPUME METÁLICO COM BASE ENTERRADA (M) | L40: M | M40: 103.55
... A43: 01.04.20 | B43: SUDECAP | C43: REMANEJAMENTO DE TAPUME | L43: M | M43: 8.56
A44: 01.05 | B44: SUDECAP | C44: CERCA PADRAO SUDECAP
A45: 01.05.05 | B45: SUDECAP | C45: TIPO 1 - PECA 8X8 CADA 2,00M E 5 FIOS ARAME GALVANIZADO | L45: M | M45: 20.13
A46: 01.06 | B46: SUDECAP | C46: INSTALAÇAO PROVISORIA - CONCESSIONARIA
A47: 01.06.01 | B47: SUDECAP | C47: PADRÃO CEMIG PROVISÓRIO TIPO C3, DEMANDA PROVÁVEL DE 23,1 ATÉ 27,0KW (3F+N) | L47: UN | M47: 696.64
A48: 01.06.05 | B48: SUDECAP | C48: PADRAO COPASA - KIT CAVALTE METAL E REGISTRO 3/4" | L48: UN | M48: 476.93
A49: 01.07 | B49: SUDECAP | C49: FOSSA E SUMIDOURO
A50: 01.07.02 | B50: SUDECAP | C50: FOSSA SEPTICA E SUMIDOURO DN=1,20M H=4,00M | L50: UN | M50: 7654.8
A51: 01.08 | B51: SUDECAP | C51: REDE INTERNA E PROVISORIA DE AGUA E ESGOTO
A52: 01.08.01 | B52: SUDECAP | C52: TUBO PVC D= 100 MM | L52: M | M52: 23.58
A53: 01.08.02 | B53: SUDECAP | C53: TUBO PVC D= 150 MM | L53: M | M53: 51.66
A54: 01.08.03 | B54: SUDECAP | C54: TUBO PVC D= 200 MM | L54: M | M54: 103.36
A55: 01.08.04 | B55: SUDECAP | C55: TUBO PVC D= 250 MM | L55: M | M55: 136.36
A56: 01.08.20 | B56: SUDECAP | C56: TUBO PVC AGUA SOLDA E CONEXOES D=20MM (1/2") | L56: M | M56: 7.22
A57: 01.08.21 | B57: SUDECAP | C57: TUBO PVC AGUA SOLDA E CONEXOES D=25MM (3/4") | L57: M | M57: 7.98
A58: 01.09 | B58: SUDECAP | C58: CONTAINER 6,0X2,30X2,82 M COM ISOLAMENTO TERMICO
A59: 01.09.01 | B59: SUDECAP | C59: MOBILIZACAO DE CONTAINER | L59: UN | M59: 1200
A60: 01.09.02 | B60: SUDECAP | C60: ESCRITORIO COM AR CONDICIONADO | L60: MES | M60: 900
A61: 01.09.03 | B61: SUDECAP | C61: ESCRITORIO COM AR CONDICIONADO E SANITARIO | L61: MES | M61: 1040
A62: 01.09.05 | B62: SUDECAP | C62: VESTIARIO COM 7 CHUVEIROS E 2 LAVATORIOS | L62: MES | M62: 1700
A63: 01.09.06 | B63: SUDECAP | C63: VESTIARIO BOX 7 SANIT. 2 LAVAT. 1 MICTORIO | L63: MES | M63: 1700
A64: 01.09.07 | B64: SUDECAP | C64: VESTIARIO 4 CHUV. 3 SANIT. 1LAVAT. 1 MICT. | L64: MES | M64: 1700
A65: 01.09.08 | B65: SUDECAP | C65: VESTIARIO | L65: MES | M65: 650
A66: 01.09.09 | B66: SUDECAP | C66: REFEITORIO | L66: MES | M66: 650
A67: 01.09.10 | B67: SUDECAP | C67: DEPOSITO E FERRAMENTARIA COM LAVATORIO | L67: MES | M67: 1400
A68: 01.09.11 | B68: SUDECAP | C68: DESMOBILIZAÇÃO DE CONTAINER | L68: UN | M68: 1200
A69: 01.09.12 | B69: SUDECAP | C69: INSTALAÇÕES PARA CONTAINERS TIPO ESCRITORIO | L69: UN | M69: 820.45
A70: 01.09.13 | B70: SUDECAP | C70: INSTALAÇÕES PARA CONTAINER VESTIARIO COM BANCO E ARMÁRIO | L70: UN | M70: 217.17
... A73: 01.09.16 | B73: SUDECAP | C73: CAIXA DÁGUA DE 1000L PARA ABASTECIMENTO DE CONTAINERS | L73: UN | M73: 274.18
A74: 01.10 | B74: SUDECAP | C74: BANHEIRO QUIMICO
A75: 01.10.01 | B75: SUDECAP | C75: BANHEIRO QUIMICO 110X120X230CM COM MANUTENCAO | L75: MES | M75: 680
A76: 01.10.02 | B76: SUDECAP | C76: BANHEIRO QUÍMICO E REBOQUE PARA TRANSPORTE DE BANHEIRO QUÍMICO | L76: MES | M76: 1022.23
A77: 01.11 | B77: SUDECAP | C77: SINALIZAÇAO
A78: 01.11.01 | B78: SUDECAP | C78: PLACA 1,0X0,60M DUPLA FACE CH.GALV. 26 EM CAVALETE | L78: UNMES | M78: 15.37
A79: 01.11.02 | B79: SUDECAP | C79: PLACA 1,0X0,60M CH.26 EM CAVALETE METALON 20X20MM | L79: UNMES | M79: 14.17
A80: 01.11.03 | B80: SUDECAP | C80: PLACA 0,50X0,50M DUPLA FACE CH.GALV.22 EM CAVALETE | L80: UNMES | M80: 11.37
A81: 01.11.04 | B81: SUDECAP | C81: PLACA 0,50X0,50M CH.GALV.22 CAVALETE METALON 20X20 | L81: UNMES | M81: 10.37
A82: 01.11.05 | B82: SUDECAP | C82: INSTALAÇÃO DE FAIXA MORIM 6,00M X 0,80M EM TECIDO COMUM E EUCALIPTO | L82: UN | M82: 120.01
A83: 01.11.06 | B83: SUDECAP | C83: CONE MASTER 75CM BASE DE BORRACHA CORPO POLIETILEN | L83: UN | M83: 82.68
A84: 01.11.07 | B84: SUDECAP | C84: CONE EM PVC H= 75 CM | L84: UN | M84: 40.68
A85: 01.11.08 | B85: SUDECAP | C85: SINALIZADOR ELET.MONOLIGHT LED 60 A 70 FLASHES/MIN | L85: UN | M85: 147.08
A86: 01.12 | C86: VISTORIA CAUTELAR
A87: 01.12.01 | B87: SUDECAP | C87: VISTORIA CAUTELAR - ÁREA CONSTRUÍDA <= 100M2 | L87: UN | M87: 335.41
A88: 01.12.02 | B88: SUDECAP | C88: VISTORIA CAUTELAR - 101M2 < ÁREA CONSTRUÍDA <= 200M2 | L88: UN | M88: 422.27
A89: 01.12.03 | B89: SUDECAP | C89: VISTORIA CAUTELAR - 201M2 < ÁREA CONSTRUÍDA <= 500M2 | L89: UN | M89: 561.49
A90: 01.12.04 | B90: SUDECAP | C90: VISTORIA CAUTELAR - 501M2 < ÁREA CONSTRUÍDA <= 2000M2 | L90: UN | M90: 816.62
A91: 01.12.05 | B91: SUDECAP | C91: VISTORIA CAUTELAR - 2001M2 < ÁREA CONSTRUÍDA <= 7000M2 | L91: UN | M91: 1366.8
A92: 01.12.06 | B92: SUDECAP | C92: VISTORIA CAUTELAR - ÁREA CONSTRUÍDA > 7001M2 | L92: UN | M92: 1921.47
A93: 01.17 | B93: SUDECAP | C93: LOCAÇAO DE OBRA
A94: 01.17.01 | B94: SUDECAP | C94: GABARITO | L94: M | M94: 36.14
A95: 01.29 | B95: SUDECAP | C95: ANDAIME FACHADEIRO
A96: 01.29.01 | B96: SUDECAP | C96: ANDAIME FACHADEIRO INCLUSIVE FORRO METALICO | L96: M2MES | M96: 11
A97: 01.29.02 | B97: SUDECAP | C97: GUARDA CORPO MADEIRA L= 15 CM P/ ANDAIME FACHADEIRO | L97: M2 | M97: 10.82
A98: 01.29.03 | B98: SUDECAP | C98: MONTAGEM DE ANDAIME FACHADEIRO | L98: M2 | M98: 2.17
A99: 01.29.04 | B99: SUDECAP | C99: DESMONTAGEM DE ANDAIME FACHADEIRO | L99: M2 | M99: 2.17
A100: 01.30 | B100: SUDECAP | C100: MONTAGEM E DESMONTAGEM DE ANDAIME
A101: 01.30.02 | B101: SUDECAP | C101: ANDAIME INTERNO P/EXEC. DE ALVENARIA ALT. ATE 3,5M | L101: M2 | M101: 17.62
A102: 01.30.03 | B102: SUDECAP | C102: ANDAIME INTERNO DE MADEIRA P/ REVESTIMENTO DE TETO | L102: M2 | M102: 19.45
A103: 02 | C103: DEMOLIÇOES E REMOÇOES
A104: 02.01 | B104: SUDECAP | C104: REMOÇAO DE TELHA INCLUSIVE EMPILHAMENTO
A105: 02.01.01 | B105: SUDECAP | C105: METALICA OU PVC | L105: M2 | M105: 4.81
...

Sheet BDI ONERADO EDIFICAÇÃO
A1: COMPOSIÇÃO ANALÍTICA DA TAXA DE BONIFICAÇÃO E DESPESAS INDIRETAS (BDI)
A2: SERVIÇO AUTÔNOMO DE ÁGUA E ESGOTO DE MANHUAÇU (SAAE)
A3: ='PLANILHA COLINA'!B3 -> OBRA: REFORMA ETA E CONSTRUÇÃO DE MURO
A4: BDI SEM DESONERAÇÃO | C4: VALORES BASE
C5: 1º QUARTIL | D5: MÉDIO | E5: 3º QUARTIL | F5: CALCULADO
A6: 1.0 | B6: CUSTOS INDIRETOS
A7: 1.1 | B7: Administração Central | C7: 0.03 | D7: 0.04 | E7: 0.055 | F7: 0.04
A8: 1.2 | B8: Seguros + Garantia | C8: 0.008 | D8: 0.008 | E8: 0.01 | F8: 0.008
A9: 1.3 | B9: Riscos | C9: 0.0097 | D9: 0.0127 | E9: 0.0127 | F9: 0.0127
A10: 1.5 | B10: Despesas Financeiras | C10: 0.0059 | D10: 0.0123 | E10: 0.0139 | F10: 0.0123
A11: 2.0 | B11: TAXAS DE TRIBUTOS
A12: 2.1 | B12: Pis | C12: 0.0065 | D12: 0.0065 | E12: 0.0065 | F12: 0.0065
A13: 2.2 | B13: Cofins | C13: 0.03 | D13: 0.03 | E13: 0.03 | F13: 0.03
A14: 2.3 | B14: ISS | C14: 0 | D14: 0.025 | E14: 0.05 | F14: 0.025
A15: 2.4 | B15: CPRB(INSS) | C15: 0 | D15: 0.045 | E15: 0.045 | F15: 0
A16: 3.0 | B16: LUCRO
A17: 3.1 | B17: Lucro | C17: 0.0616 | D17: 0.074 | E17: 0.0896 | F17: 0.074
A19: 4.0 | B19: TAXA TOTAL DE BDI | F19: =(((1+F7+F8+F9)*(1+F10)*(1+F17))/(1-(F12+F13+F14+F15)))-1 -> 0.22877342
A21: Segundo Acórdão 2622/2013 do Tribunal de Contas da União – TCU, o cálculo do BDI deve ser feito da seguinte maneira:
A23: (1 + (AC + S + G + R)) x (1 + DF) x (1 + L) | H23: (1 + (AC + S + G + R)) x (1 + DF) x (1 + L)
A24: (1 - (I + CPRB)) | H24: (1 - (I + CPRB))
A25: AC → Administração Central
A26: S → Seguro
A27: R → Riscos
A28: G → Garantia
A29: DF → Despesas Financeiras
A30: L → Taxa de Lucro/Remuneração
A31: I → Incidência de Impostos (PIS, COFINS e ISS)
A32: CPRB → Contribuição Previdênciária Sobre a Receita Bruta
A33: Declaro que, conforme legislação tributária municipal, a base de cálculo do ISS corresponde a 60,00% do valor deste tipo de obra e, sobre esta base, incide ISS com alíquota de 3,00%
A35: COMPOSIÇÃO ANALÍTICA DA TAXA DE BONIFICAÇÃO E DESPESAS INDIRETAS PARA AQUISIÇÃO DE RESERVATÓRIO (BDI)
A36: SERVIÇO AUTÔNOMO DE ÁGUA E ESGOTO DE MANHUAÇU (SAAE)
A37: =A3 -> OBRA: REFORMA ETA E CONSTRUÇÃO DE MURO
A38: BDI SEM DESONERAÇÃO | C38: VALORES BASE
C39: 1º QUARTIL | D39: MÉDIO | E39: 3º QUARTIL | F39: CALCULADO
A40: 1.0 | B40: CUSTOS INDIRETOS
A41: 1.1 | B41: Administração Central | C41: 0.03 | D41: 0.04 | E41: 0.055 | F41: 0.03
A42: 1.2 | B42: Seguros + Garantia | C42: 0.0048 | D42: 0.008 | E42: 0.01 | F42: 0.0048
A43: 1.3 | B43: Riscos | C43: 0.0085 | D43: 0.0127 | E43: 0.0127 | F43: 0.0085
A44: 1.5 | B44: Despesas Financeiras | C44: 0.0059 | D44: 0.0123 | E44: 0.0139 | F44: 0.0059
A45: 2.0 | B45: TAXAS DE TRIBUTOS
A46: 2.1 | B46: Pis | C46: 0.0065 | D46: 0.0065 | E46: 0.0065 | F46: 0.0065
A47: 2.2 | B47: Cofins | C47: 0.03 | D47: 0.03 | E47: 0.03 | F47: 0.03
A48: 2.3 | B48: ISS | C48: 0 | D48: 0.025 | E48: 0.05 | F48: 0.02
A49: 2.4 | B49: CPRB(INSS) | C49: 0 | D49: 0.045 | E49: 0.045 | F49: 0
A50: 3.0 | B50: LUCRO
A51: 3.1 | B51: Lucro | C51: 0.0616 | D51: 0.074 | E51: 0.0896 | F51: 0.0511
A53: 4.0 | B53: TAXA TOTAL DE BDI | F53: =(((1+F41+F42+F43)*(1+F44)*(1+F51))/(1-(F46+F47+F48+F49)))-1 -> 0.169139
A55: Segundo Acórdão 2622/2013 do Tribunal de Contas da União – TCU, o cálculo do BDI deve ser feito da seguinte maneira:
A57: (1 + (AC + S + G + R)) x (1 + DF) x (1 + L) | H57: (1 + (AC + S + G + R)) x (1 + DF) x (1 + L)
A58: (1 - (I + CPRB)) | H58: (1 - (I + CPRB))
A59: AC → Administração Central
A60: S → Seguro
A61: R → Riscos
A62: G → Garantia
A63: DF → Despesas Financeiras
A64: L → Taxa de Lucro/Remuneração
A65: I → Incidência de Impostos (PIS, COFINS e ISS)
A66: CPRB → Contribuição Previdênciária Sobre a Receita Bruta
A67: Declaro que, conforme legislação tributária municipal, a base de cálculo do ISS corresponde a 60,00% do valor deste tipo de obra e, sobre esta base, incide ISS com alíquota de 3,00%
A69: BDI PARA OBRA ONERADA- CONSTRUÇÃO DE EDIFICIOS
A70: MODELO - A DECISÃO QUAL QUARTIL USAR É DO ORÇAMENTISTA

Sheet CRONOGRAMA
A1: CRONOGRAMA FÍSICO-FINANCEIRO
B2: SERVIÇO AUTÔNOMO DE ÁGUA E ESGOTO DE MANHUAÇU | D2: VALOR DA OBRA : | E2: =D24 -> 315698.52 | G2: DATA: DEZ/2025
A3: =#REF! -> #REF! | C3: PRAZO DA OBRA: 05 MESES | D3: LOCAL: ETA SAAE MANHUAÇU
A4: ITEM | B4: ETAPAS/DESCRIÇÃO | C4: FÍSICO/ FINANCEIRO | D4: TOTAL ETAPAS | E4: MÊS 1 | F4: MÊS 2 | G4: MÊS 3 | H4: MÊS 4 | I4: MÊS 5
A5: 1.0 | B5: =#REF! -> #REF! | C5: Físico % | D5: =D6/D24 -> 0.063971158 | E5: 0.2 | F5: 0.2 | G5: 0.2 | H5: 0.2 | I5: 0.2
C6: Financeiro | D6: ='PLANILHA COLINA'!J12 -> 20195.6 | E6: =E5*D6 -> 4039.12 | F6: =F5*D6 -> 4039.12 | G6: =G5*D6 -> 4039.12 | H6: =H5*D6 -> 4039.12 | I6: =I5*D6 -> 4039.12
A7: 2.0 | B7: ='PLANILHA COLINA'!B13 -> MOVIMENTAÇÃO DE TERRA MURO | C7: Físico % | D7: =D8/D24 -> 0.0012976304 | E7: 1
C8: Financeiro | D8: ='PLANILHA COLINA'!J16 -> 409.66 | E8: =E7*$D$8 -> 409.66
A9: 3.0 | B9: ='PLANILHA COLINA'!B17 -> RECONSTRUÇÃO DO MURO DE VEDAÇÃO | C9: Físico % | D9: =D10/D24 -> 0.1609425 | E9: 1
C10: Financeiro | D10: ='PLANILHA COLINA'!J25 -> 50809.31 | E10: =E9*D10 -> 50809.31
A11: 4.0 | B11: ='PLANILHA COLINA'!B26 -> ALVENARIA MURO DE VEDAÇÃO | C11: Físico % | D11: =D12/D24 -> 0.19380319 | F11: 1
C12: Financeiro | D12: ='PLANILHA COLINA'!J31 -> 61183.38 | F12: =D12 -> 61183.38
A13: 5.0 | B13: ='PLANILHA COLINA'!B32 -> PINTURA DA ETA | C13: Físico % | D13: =D14/D24 -> 0.36714109 | H13: 0.5 | I13: 0.5
C14: Financeiro | D14: ='PLANILHA COLINA'!J52 -> 115905.9 | H14: =H13*D14 -> 57952.95 | I14: =H14 -> 57952.95
A15: 6.0 | B15: ='PLANILHA COLINA'!B53 -> REVESTIMENTOS | C15: Físico % | D15: =D16/D24 -> 0.14847741 | G15: 1
C16: Financeiro | D16: ='PLANILHA COLINA'!J64 -> 46874.1 | G16: =D16 -> 46874.1
A17: 7.0 | B17: ='PLANILHA COLINA'!B65 -> ESQUADRIAS | C17: Físico % | D17: =D18/D24 -> 0.0059145035 | G17: 1
C18: Financeiro | D18: ='PLANILHA COLINA'!J68 -> 1867.2 | G18: =D18 -> 1867.2
A19: 8.0 | B19: ='PLANILHA COLINA'!B69 -> COBERTURA | C19: Físico % | D19: =D20/D24 -> 0.048137951 | G19: 1
C20: Financeiro | D20: ='PLANILHA COLINA'!J75 -> 15197.08 | G20: =D20 -> 15197.08
A21: 9.0 | B21: ='PLANILHA COLINA'!B76 -> LIMPEZA FINAL DE OBRA | C21: Físico % | D21: =D22/D24 -> 0.010314556 | I21: 1
C22: Financeiro | D22: ='PLANILHA COLINA'!J79 -> 3256.29 | I22: =D22 -> 3256.29
A23: TOTAL | C23: Físico % | D23: =D11+D9+D7+D5+D13+D15+D17+D19+D21 -> 1 | E23: =E24/$D$24 -> 0.17503437 | F23: =F24/$D$24 -> 0.20659742 | G23: =G24/$D$24 -> 0.2153241 | H23: =H24/$D$24 -> 0.19636478 | I23: =I24/$D$24 -> 0.20667933
C24: Financeiro | D24: =D6+D8+D10+D12+D14+D16+D18+D20+D22 -> 315698.52 | E24: =E6+E8+E10 -> 55258.09 | F24: =F10+F12+F6 -> 65222.5 | G24: =G6+G8+G10+G16+G18+G20 -> 67977.5 | H24: =H10+H12+H14+H6 -> 61992.07 | I24: =I10+I12+I14+I22+I6 -> 65248.36
A26: _____________________________________ | E26: ______________________________________
A27: =#REF! -> #REF! | E27: =#REF! -> #REF!
A28: Engenheiro Civil - CREA-MG: 295.720/D | E28: =#REF! -> #REF!
